 Dungeon Crawl Stone Soup version 0.29.0 (webtiles) character file.

Game seed: 11968800962185594797

1242752 Toastz the Conqueror (level 27, -5/199 HPs)
             Began as a Tengu Monk on Aug 28, 2022.
             Was the Champion of the Shining One.
             Killed by divine providence
             ... invoked by a royal mummy
              (10 damage)
             ... on level 2 of the Tomb of the Ancients on Aug 30, 2022.
             The game lasted 08:09:12 (89869 turns).

Toastz the Conqueror (Tengu Monk)                  Turns: 89869, Time: 08:09:13

Health: -5/199     AC: 43    Str: 20 (22) XL:     27
Magic:  20/34      EV: 45    Int: 12      God:    the Shining One [******]
Gold:   5668       SH: 41    Dex: 34      Spells: 12/44 levels left

rFire   + . .      SeeInvis +   b - +9 eudemon blade (holy)
rCold   + + .      Faith    .   n - +7 tower shield of Modesty {rPois Str+3 Int+2}
rNeg    + + +      Spirit   .   k - +11 shadow dragon scales
rPois   +          Reflect  +   x - +2 hat of Good Intentions {rF+ rCorr Str+3 Int-3}
rElec   .          Harm     .   G - +1 cloak of Starlight {*Dazzle EV+4 Stlth--}
rCorr   +          Rampage  .   V - +1 pair of gloves "Moan" {Regen+ Stlth+}
Will    ++...                   (boots unavailable)
Stlth   ++........              H - amulet of reflection
HPRegen 1.23/turn               h - ring of the Sparrow {rC+ rN+ Str+4 Dex+2 SInv}
MPRegen 0.24/turn               O - ring "Hiwkiot" {rC+ Dex+6}

@: marked, flying quickly and evasively, slowed, glowing, very slow
A: beak, talons 3, nimble flight, clumsy 1, low MP 1, noise suppression
}: 14/15 runes: barnacled, slimy, silver, iron, obsidian, icy, bone, abyssal,
demonic, glowing, magical, fiery, dark, gossamer
a: Renounce Religion, Divine Shield, Cleansing Flame, Summon Divine Warrior


You were on level 2 of the Tomb of the Ancients.
You worshipped the Shining One.
The Shining One was exalted by your worship.
You visited 18 branches of the dungeon, and saw 84 of its levels.
You visited Pandemonium 2 times, and saw 21 of its levels.
You visited the Abyss 2 times.
You also visited: Trove, Gauntlet, Ice Cave, Volcano and Wizlab.

You collected 17547 gold pieces.
You spent 11879 gold pieces at shops.

Inventory:

Hand Weapons
 a - a +9 double sword of freezing
 b - a +9 eudemon blade of holy wrath (weapon)
Missiles
 q - 10 boomerangs of dispersal
 E - 4 silver javelins
 R - 13 javelins (quivered)
 X - 6 throwing nets
Armour
 k - +11 shadow dragon scales (worn)
 n - the +7 tower shield of Modesty (worn) {rPois Str+3 Int+2}
   (You found it on level 2 of the Realm of Zot)

   Str:       It affects your strength (+3).
   Int:       It affects your intelligence (+2).
   rPois:     It protects you from poison.
 p - the +0 pair of gloves of Puckish Curiosity {rElec Int+3}
   (You found it on level 3 of the Crypt)

   Int:       It affects your intelligence (+3).
   rElec:     It insulates you from electricity.
 x - the +2 hat of Good Intentions (worn) {rF+ rCorr Str+3 Int-3}
   (Okawaru gifted it to you on level 1 of the Depths)

   Str:       It affects your strength (+3).
   Int:       It affects your intelligence (-3).
   rF:        It protects you from fire.
   rCorr:     It protects you from acid and corrosion.
 G - the +1 cloak of Starlight (worn) {*Dazzle EV+4 Stlth--}
   (You acquired it on level 5 of the Dungeon)

   It may blind those who miss an attack against the wearer in melee combat.
   EV:        It affects your evasion (+4).
   Stlth:     It makes you much less stealthy.
 V - the +1 pair of gloves "Moan" (worn) {Regen+ Stlth+}
   (Okawaru gifted it to you on level 5 of the Lair of Beasts)

   Regen:     It increases your rate of health regeneration.
   Stlth:     It makes you more stealthy.
Jewellery
 c - the ring "Nidwud" {*Corrode rPois rN+ Will+ Stlth+}
   (You found it on level 7 of Cocytus)

   [ring of willpower]

   rPois:     It protects you from poison.
   rN:        It protects you from negative energy.
   *Corrode:  It may corrode you when you take damage.
   Will:      It increases your willpower.
   Stlth:     It makes you more stealthy.
 d - the ring of Oraiss {rPois rF+ Int-2 Dex+4}
   (You acquired it on level 5 of the Vaults)

   [ring of protection from fire]

   Int:       It affects your intelligence (-2).
   Dex:       It affects your dexterity (+4).
   rF:        It protects you from fire.
   rPois:     It protects you from poison.
 g - the amulet of the Four Winds {rN+ Will+++ Clar}
   (You found it in a Gauntlet)

   [amulet of nothing]

   rN:        It protects you from negative energy.
   Clar:      It protects you against confusion.
   Will:      It greatly increases your willpower.
 h - the ring of the Sparrow (left hand) {rC+ rN+ Str+4 Dex+2 SInv}
   (You acquired it on level 4 of the Depths)

   [ring of see invisible]

   Str:       It affects your strength (+4).
   Dex:       It affects your dexterity (+2).
   rC:        It protects you from cold.
   rN:        It protects you from negative energy.
   SInv:      It lets you see invisible.
 v - the macabre finger necklace {rN+}
   (You found it on level 4 of the Vaults)

   [amulet of nothing]

   It enables you to equip an extra ring.
   rN:        It protects you from negative energy.
 z - the ring "Uduisi" {rF++ EV+4 Str+3 Int-4 Stlth+}
   (You found it in Pandemonium)

   [ring of evasion]

   EV:        It affects your evasion (+4).
   Str:       It affects your strength (+3).
   Int:       It affects your intelligence (-4).
   rF:        It greatly protects you from fire.
   Stlth:     It makes you more stealthy.
 B - the ring "Wugeadai" {Str+4 Dex+6}
   (You acquired it on level 5 of the Dungeon)

   [ring of dexterity]

   Str:       It affects your strength (+4).
   Dex:       It affects your dexterity (+6).
 H - an amulet of reflection (around neck)
 O - the ring "Hiwkiot" (right hand) {rC+ Dex+6}
   (You found it in Pandemonium)

   [ring of dexterity]

   Dex:       It affects your dexterity (+6).
   rC:        It protects you from cold.
Wands
 j - a wand of polymorph (16)
 y - a wand of quicksilver (47)
 U - a wand of iceblast (49)
 Y - a wand of digging (42)
Scrolls
 e - 11 scrolls of vulnerability
 f - a scroll of blinking
 l - 14 scrolls of poison
 s - 4 scrolls of summoning
 I - 7 scrolls of fog
 K - a scroll of magic mapping
 L - 7 scrolls of immolation
 M - 7 scrolls of silence
 W - 21 scrolls of teleportation
Potions
 i - 7 potions of ambrosia
 m - 19 potions of lignification
 r - 4 potions of magic
 t - 14 potions of brilliance
 w - a potion of cancellation
 A - 14 potions of attraction
 C - 3 potions of resistance
 F - 5 potions of might
 J - 8 potions of berserk rage
 N - 16 potions of haste
 P - 34 potions of curing
 Q - 23 potions of heal wounds
 T - 4 potions of mutation
Miscellaneous
 o - a phial of floods
 u - a box of beasts
 D - a lightning rod (4/4)
 S - a tin of tremorstones (2/2)
 Z - a phantom mirror


   Skills:
 O Level 27 Fighting
 - Level 16.0 Long Blades
 - Level 12.0 Throwing
 O Level 27 Armour
 O Level 27 Dodging
 - Level 2.0 Stealth
 + Level 25.1 Shields
 - Level 9.0 Spellcasting
 - Level 9.0 Conjurations
 + Level 1.3 Hexes
 - Level 17.0 Translocations
 - Level 9.0 Transmutations
 - Level 9.3 Air Magic
 - Level 20.0 Invocations
 + Level 15.4 Evocations


You had 12 spell levels left.
You knew the following spells:

 Your Spells              Type           Power      Damage    Failure   Level
a - Wereblood             Tmut           27%        N/A       1%          2
b - Apportation           Tloc           92%        N/A       1%          1
c - Blink                 Tloc           92%        N/A       1%          2
d - Swiftness             Air            27%        N/A       2%          3
e - Passage of Golubria   Tloc           46%        N/A       1%          4
f - Iskenderun's Mystic   Conj/Tloc      36%        2d9       1%          4
g - Dispersal             Tloc           23%        N/A       6%          6
h - Silence               Hex/Air        9%         N/A       80%         5
z - Manifold Assault      Tloc           46%        N/A       1%          5

Your spell library contained the following spells:

 Spells                   Type           Power      Damage    Failure   Level
 Beastly Appendage        Tmut           54%        N/A       1%          1
 Magic Dart               Conj           100%       1d8       1%          1
 Shock                    Conj/Air       100%       1d9       1%          1
 Searing Ray              Conj           54%        2d6       1%          2
 Static Discharge         Conj/Air       27%        3-7/arc   1%          2
 Gell's Gravitas          Tloc           46%        N/A       1%          3
 Lesser Beckoning         Tloc           46%        N/A       1%          3
 Teleport Other           Tloc           46%        N/A       1%          3
 Portal Projectile        Hex/Tloc       54%        N/A       3%          3
 Foxfire                  Conj/Fire      64%        2x1d7     7%          1
 Sting                    Tmut/Pois      64%        1d6       7%          1
 Poisonous Vapours        Pois/Air       32%        N/A       10%         2
 Airstrike                Air            13%        2d(2-18)  10%         4
 Passwall                 Tmut/Erth      13%        N/A       11%         2
 Mephitic Cloud           Conj/Pois/Air  20%        N/A       11%         3
 Dazzling Flash           Conj/Hex       34%        N/A       16%         3
 Conjure Flame            Conj/Fire      16%        6-21      21%         3
 Spider Form              Tmut/Pois      16%        N/A       21%         3
 Stone Arrow              Conj/Erth      32%        3d9       21%         3
 Lightning Bolt           Conj/Air       13%        1d27      28%         5
 Blade Hands              Tmut           13%        N/A       30%         5
 Irradiate                Conj/Tmut      13%        3d16      30%         5
 Iskenderun's Battlesphe  Conj           27%        2d8       30%         5
 Ignite Poison            Fire/Tmut/Pois 12%        N/A       36%         3
 Summon Forest            Summ/Tloc      12%        N/A       36%         5
 Freeze                   Ice            20%        1d4       41%         1
 Necrotise                Necr           20%        1d5       41%         1
 Sandblast                Erth           10%        2d5       41%         1
 Ensorcelled Hibernation  Hex/Ice        12%        N/A       45%         2
 Fulminant Prism          Conj/Hex       8%         3d7       47%         4
 Call Imp                 Summ           5%         N/A       54%         2
 Scorch                   Fire           10%        2d6       54%         2
 Sublimation of Blood     Necr           5%         N/A       54%         2
 Summon Lightning Spire   Summ/Air       16%        N/A       54%         4
 Flame Wave               Conj/Fire      16%        2d7       56%         4
 Hailstorm                Conj/Ice       16%        3d6       56%         4
 Ice Form                 Ice/Tmut       16%        N/A       56%         4
 Petrify                  Tmut/Erth      16%        N/A       56%         4
 Sticky Flame             Conj/Fire      16%        2d4       56%         4
 Tukima's Dance           Hex            8%         N/A       61%         3
 Inner Flame              Hex/Fire       6%         N/A       71%         3
 Corpse Rot               Necr/Pois/Air  12%        N/A       77%         4
 Call Canine Familiar     Summ           5%         N/A       78%         3
 Ozocubu's Armour         Ice            5%         N/A       78%         3
 Vampiric Draining        Necr           5%         2d6       78%         3
 Yara's Violent Unravell  Hex/Tmut       8%         3d5       83%         5
 Conjure Ball Lightning   Conj/Air       13%        3x3d6     83%         6
 Alistair's Intoxication  Tmut/Pois      10%        N/A       88%         5
 Fireball                 Conj/Fire      8%         3d6       88%         5
 Cause Fear               Hex            4%         N/A       95%         4
 Disjunction              Tloc           23%        N/A       95%         8
 Anguish                  Hex/Necr       3%         N/A       98%         4
 Leda's Liquefaction      Hex/Erth       3%         N/A       98%         4
 Animate Armour           Summ/Erth      10%        N/A       99%         4
 Dispel Undead            Necr           5%         3d7       99%         4
 Olgreb's Toxic Radiance  Pois           5%         N/A       99%         4
 Agony                    Necr           5%         N/A       100%        5
 Borgnjor's Vile Clutch   Necr/Erth      2%         N/A       100%        5
 Lee's Rapid Deconstruct  Erth           2%         3d6*      100%        5
 Metabolic Englaciation   Hex/Ice        3%         N/A       100%        5
 Death Channel            Necr           2%         N/A       100%        6
 Eringya's Noxious Bog    Tmut/Pois      8%         N/A       100%        6
 Iron Shot                Conj/Erth      8%         9d3       100%        6
 Simulacrum               Ice/Necr       2%         N/A       100%        6
 Statue Form              Tmut/Erth      10%        N/A       100%        6
 Dragon Form              Tmut           13%        N/A       100%        7
 Enfeeble                 Hex            4%         N/A       100%        7
 Malign Gateway           Summ/Tloc      12%        N/A       100%        7
 Orb of Destruction       Conj           13%        9d7       100%        7
 Ozocubu's Refrigeration  Ice            2%         4d8       100%        7
 Storm Form               Tmut/Air       13%        N/A       100%        7
 Summon Hydra             Summ           2%         N/A       100%        7
 Borgnjor's Revivificati  Necr           2%         N/A       100%        8
 Discord                  Hex            4%         N/A       100%        8
 Ignition                 Fire           2%         3d3       100%        8
 Lehudib's Crystal Spear  Conj/Erth      8%         10d3      100%        8
 Maxwell's Capacitive Co  Air            13%        ∞         100%        8
 Necromutation            Tmut/Necr      8%         N/A       100%        8
 Dragon's Call            Summ           2%         N/A       100%        9
 Polar Vortex             Ice            2%         N/A       100%        9


Dungeon Overview and Level Annotations

Branches:
Dungeon (15/15)            Temple (1/1) D:5            Lair (5/5) D:10
 Shoals (4/4) Lair:2       Spider (4/4) Lair:2        Slime (5/5) Lair:4
    Orc (2/2) D:12            Elf (3/3) Orc:2        Vaults (5/5) D:14
  Crypt (3/3) Vaults:3       Tomb (2/3) Crypt:3      Depths (4/4) D:15
   Hell (visited)             Dis (7/7) Hell            Geh (7/7) Hell
    Coc (7/7) Hell            Tar (7/7) Hell            Zot (4/5) Depths:4
  IceCv (visited)         Volcano (visited)          WizLab (visited)
Gauntlet (visited)

Altars:
Ashenzari
Cheibriados
Dithmenos
Elyvilon
Fedhas
Gozag
Hepliaklqana
Kikubaaqudgha
Makhleb
Nemelex Xobeh
Okawaru
Qazlal
Ru
Sif Muna
Trog
Uskayaw
Vehumet
Wu Jian
Xom
Yredelemnul
Zin
The Shining One
Jiyva

Shops:
D:5 *   D:6 *   Orc:1 *(   Orc:2 :!![   Elf:1 ?   Elf:2 ?=   Elf:3 *
Shoals:3 :   Vaults:3 *   Vaults:5 [   Depths:1 [   Depths:2 !

Portals:
Hell: Depths:1 Depths:2 Depths:3 Depths:4
Abyss: Depths:3
Pandemonium: Depths:2
Ziggurat: Depths:3

Annotations:
Spider:1 2 transporters
Crypt:1 1 transporter
Tar:4 exclusion: hellion
Zot:3 3 runed translucent doors, Mikey69's ghost, legendary DsBe


Innate Abilities, Weirdness & Mutations

You have a beak for a mouth.
You have claws for feet.
Your magical nature lets you fly swiftly and evasively.
You are clumsy. (Dex -2)
Your magical capacity is low. (-10% MP)
You passively dampen the noise of your surroundings.


Message History

You block the freezing wraith's attack. x2
The phantasmal warrior gestures at you.
The phantasmal warrior blinks!
Your angel gestures.
Your angel is healed somewhat.
You block the death scarab's attack.
The mummy priest mumbles some strange prayers to its god against you.
Something smites you!
* * * LOW HITPOINT WARNING * * *
The spriggan defender zombie attacks as you move away!
You block the spriggan defender zombie's attack.
Your surroundings suddenly seem different.
A guardian mummy and a mummy come into view.
Found a wand of charming (4), a sling, a condenser vane and a plate armour.
The flying skull hits your daeva! The death scarab bites your angel!!
Your angel dies!
Your angel dissolves into sparkling lights!
The royal mummy mumbles some strange words.
Your daeva calls down the wrath of the Shining One upon the flying skull.
The flying skull is smitten.
Your daeva blocks the flying skull's attack. x2
The royal mummy points at you and mumbles some strange words.
Something smites you!
* * * LOW HITPOINT WARNING * * *
The royal mummy completely misses you.
Okay, then.
Okay, then.
Okay, then.
Blink to where?
Press: ? - help, Dir - move target
As you read the scroll of blinking, it crumbles to dust.
The death scarab fails to trigger a net trap.
Your daeva calls down the wrath of the Shining One upon the flying skull.
The flying skull is smitten.
The flying skull is destroyed!
The Shining One accepts your kill.
Your daeva blocks something's attack.
The royal mummy points at you and mumbles some strange words.
Something smites you!
You die...

*******************************
*,^,,,,*,,,,*,,,,,,^,,,,,*,,,,,
*,,,,,,*,,,,*,,,,,,,,,,,,*,,^,,
*,,,,,,+,,,,*,,,,,,,,,,,^+^,,,,
*^,,,,^*,,,,*,,,,,,,,,^,,*,^^,,
*,,,,,,*,,,,*,,,,,,,,,,,,*,,,,,
*,,,,**###+###############+##**
*,,,,*,.......@......./...)}.,,
******,...Z............^.....,,
*,^,,*,...M...n..............,,
*<,,,*,.###..z....zB.........,*
*,,,,#,,* #BMWzWB.z..M.......,*
***+*#.,* #.Z.z.W..B.§.......,*
*,^,,#..###.3MsMB............,*
*,,,,#...<......zA.B^W..M....,,
*,,^,+...Z3W3M....M)..W......,,


You could see 2 royal mummies, an emperor scorpion (summoned), a mummy priest, a
shadow wraith (summoned, invisible), a phantasmal warrior (summoned), a smoke
demon (summoned), 6 death scarabs, a necrophage (summoned), 2 shadows, 5 flying
skulls, 2 mummies, a wight (summoned), a shadow dragon simulacrum (summoned), a
spriggan defender zombie (summoned) and a friendly daeva (summoned).

Vanquished Creatures
  Antaeus (Coc:7)
  the Royal Jelly (Slime:5)
  Asmodeus (Geh:7)
  Gloorx Vloq (Pan)
  Ereshkigal (Tar:7)
  the Serpent of Hell (Dis:7)
  6 dread liches
  Mnoleg (Pan)
  2 ancient liches
  The ghost of strangelove the Metallomancer, a master GrEE of Vehumet (Depths:2)
  A juggernaut (Dis:7)
  Sojobo (Vaults:4)
  Boris (twice) (Crypt:1 Crypt:3)
  Frederick (Vaults:3)
  The ghost of Gucom the Gnoll Aeon, a veteran GnFi of Cheibriados (Depths:2)
  Margery (Vaults:4)
  Bai Suzhen (Spider:3)
  18 shard shrikes
  The ghost of WeeknightWizard the Sorcerer, a veteran DEFE of Vehumet (Depths:3)
  25 caustic shrikes
  9 pandemonium lords (Pan)
  10 golden dragons
  Xtahua (Vaults:2)
  Geryon (Hell)
  5 curse toes
  The ghost of Soesill the Warrior, an adept DgCj (Depths:2)
  The ghost of Vailuoroe the Devastator, a veteran GrEE of Lugonu (Crypt:3)
  13 profane servitors
  25 bone dragons
  13 doom hounds
  the Enchantress (Depths:1)
  15 Tzitzimimeh
  11 Brimstone Fiends
  Zenata (Crypt:3)
  7 hellephants (Geh:7)
  13 iron giants
  2 electric golems
  Jorgrun (Shoals:3)
  A spectral shard shrike (Tar:6)
  18 tentacled monstrosities
  17 Ice Fiends
  31 searing wretches
  38 Hell Sentinels
  Asterion (Vaults:2)
  13 tainted leviathans
  Murray (Depths:2)
  Grunn (Crypt:1)
  3 liches
  7 deep elf blademasters
  7 quicksilver dragons
  15 acid blobs
  5 deep elf master archers
  11 death cobs
  29 titans
  12 sphinxes
  An eldritch tentacle (WizLab)
  19 Executioners (Pan)
  25 ancient champions
  A kraken (Shoals:1)
  4 draconian monks
  9 tengu reavers
  3 tentacled starspawn (Abyss:5)
  13 storm dragons
  Donald (Shoals:1)
  12 shadow dragons
  Roxanne (D:14)
  3 revenants
  13 rockslimes
  10 azure jellies
  20 fire giants
  10 draconian scorchers
  10 iron dragons
  16 narguns
  3 demonspawn warmongers (Pan)
  3 emperor scorpions
  28 frost giants
  5 draconian knights
  12 deep elf sorcerers
  2 orc warlords
  17 vault wardens
  6 curse skulls
  39 balrugs
  6 ghost moths
  17 quicksilver elementals
  7 draconian shifters
  22 cacodemons (Pan)
  Louise (D:14)
  A caustic shrike zombie (Crypt:3)
  10 draconian annihilators
  3 demonspawn corrupters (Pan)
  The ghost of Bityczex the Eclecticist, an adept DEFE of Sif Muna (Shoals:4)
  10 demonspawn blood saints (Pan)
  2 draconian stormcallers (Zot:3)
  12 ghouls
  6 deep elf elementalists
  3 spriggan defenders (Depths:1)
  7 quicksilver oozes
  2 angels
  24 ironbound preservers
  2 juggernaut skeletons
  3 shard shrike simulacra
  21 war gargoyles
  31 very ugly things
  18 reapers
  10 ironbound thunderhulks
  11 vampire knights
  25 putrid mouths
  18 green draconians
  9 deep elf demonologists
  22 stone giants
  2 bennus (Tomb:1)
  8 demonspawn black suns (Pan)
  17 lorocyprocas (Pan)
  A minotaur (Gauntlet)
  8 dire elephants
  14 elemental wellsprings
  14 wendigos
  17 black draconians
  7 deep elf annihilators
  11 purple draconians
  A spectral titan (Tar:4)
  2 spark wasps
  An entropy weaver (Spider:2)
  13 red draconians
  17 yellow draconians
  18 blizzard demons
  7 white draconians
  18 deep elf death magi
  6 eidola
  2 quicksilver dragon zombies (Hell)
  A spectral quicksilver dragon (Tar:4)
  4 merfolk javelineers (Shoals:4)
  18 iron golems
  5 green deaths (Pan)
  13 ettins
  5 jiangshi
  13 great orbs of eyes
  Josephine (D:14)
  4 deep elf high priests
  3 mummy priests (Tomb:1)
  11 yaktaur captains
  8 merfolk impalers
  10 fire dragons
  A spectral spriggan (Tar:4)
  2 quicksilver dragon skeletons (Crypt:3)
  4 caustic shrike simulacra
  8 hydras
  2 radroaches
  6 boulder beetles
  5 salamander tyrants
  29 vault guards
  A hydra (shapeshifter) (Vaults:5)
  11 ice dragons
  6 rakshasas
  9 spriggan air magi
  3 catoblepae
  2 jorogumos (Spider:4)
  5 hell beasts
  7 peacekeepers
  6 juggernaut simulacra
  4 merfolk aquamancers
  15 ironbound frosthearts
  A spectral human (Crypt:1)
  29 centaur warriors
  4 merfolk avatars
  3 spriggan skeletons
  13 stokers
  3 ogre magi
  9 two-headed ogres
  2 alligator snapping turtles
  5 death knights
  30 hell hogs
  27 dancing weapons
  5 death scarabs
  12 deep troll shamans
  6 orc high priests
  3 thrashing horrors (Abyss:5)
  6 deep troll earth magi
  5 spriggan berserkers
  7 tengu warriors
  4 vampire magi
  37 deep elf knights
  15 soul eaters
  A shock serpent (shapeshifter) (Vaults:5)
  A titan skeleton (Crypt:1)
  17 crystal echidnas
  2 sun moths (Spider:2)
  17 hell knights
  A golden dragon zombie (Crypt:3)
  12 shadow wraiths
  9 iron trolls
  14 sixfirhies
  25 skeletal warriors
  A spectral anaconda (Tar:4)
  2 wretched stars (Abyss:5)
  8 sea snakes
  87 sun demons
  9 steelbarb worms
  A spark wasp zombie (Depths:2)
  3 pharaoh ants
  2 goliath frogs (Lair:5)
  5 shadow demons (Pan)
  5 spriggan simulacra
  A bunyip zombie (Crypt:3)
  4 flayed ghosts
  3 anaconda zombies
  13 orb spiders
  3 bog bodies
  3 quicksilver dragon simulacra (Coc:7)
  2 fenstrider witch simulacra
  22 deep elf archers
  An obsidian statue (WizLab)
  8 wizards
  22 ironbound convokers
  63 deep trolls
  3 glowing orange brains
  8 orc knights
  13 lindwurms
  An orange crystal statue (Crypt:3)
  38 harpies
  An anaconda skeleton (Tomb:2)
  19 phantasmal warriors
  A swamp dragon (Zot:3)
  22 necromancers
  4 orc sorcerers
  A golden dragon skeleton (Depths:2)
  A bunyip skeleton (Crypt:3)
  A fire giant zombie (Depths:3)
  19 wolf spiders
  Pikel (D:8)
  31 deep elf zephyrmancers
  A frost giant zombie (Depths:2)
  2 shadow dragon skeletons
  3 spectral ettins
  44 deep elf pyromancers
  12 fauns
  2 sphinx skeletons
  64 slime creatures
  A will-o-the-wisp (Abyss:3)
  8 shining eyes
  3 worldbinders (WizLab)
  A manticore (shapeshifter) (Vaults:5)
  11 starcursed masses
  11 cyclopes
  A mana viper (WizLab)
  44 ugly things
  2 spectral centaurs (Tar:1)
  18 moths of wrath
  An iron dragon skeleton (Depths:3)
  11 manticores
  A stone giant zombie (Hell)
  A toenail golem (Pan)
  3 black mambas
  An eleionoma skeleton (Crypt:3)
  6 rust devils
  5 elephants (Lair:5)
  7 water nymphs
  3 centaur zombies
  An alligator snapping turtle zombie (Crypt:1)
  An ice statue (Coc:7)
  6 merfolk sirens
  A shock serpent zombie (Crypt:3)
  5 eyes of devastation
  17 vault sentinels
  3 stone giant skeletons
  A naga skeleton (Tomb:1)
  4 molten gargoyles (Hell)
  3 titan simulacra
  7 torpor snails
  38 smoke demons
  21 orange demons
  4 spectral swamp worms (Tar:7)
  24 large abominations
  3 centaur skeletons
  23 demonic crawlers
  A storm dragon simulacrum (Coc:2)
  2 spriggan zombies
  5 rime drakes
  A minotaur zombie (Crypt:2)
  18 hellions
  An alligator snapping turtle skeleton (Crypt:2)
  2 death yak zombies
  3 kobold demonologists
  8 komodo dragons
  2 anaconda simulacra
  15 cane toads
  2 dire elephant skeletons (Crypt:3)
  An orc skeleton (Crypt:3)
  8 efreet
  An iron giant simulacrum (Coc:7)
  13 hellwings (Pan)
  12 guardian mummies
  A redback zombie (Crypt:2)
  A tengu conjurer (Depths:4)
  16 tormentors
  17 yaktaurs
  A hydra zombie (Crypt:3)
  3 bunyip simulacra
  An unseen horror skeleton (Crypt:3)
  A spectral naga (Tar:6)
  A harpy zombie (Crypt:3)
  7 ice devils
  A green draconian zombie (Crypt:3)
  3 silent spectres
  7 red devils
  An ancient zyme (Abyss:5)
  A golden dragon simulacrum (Coc:7)
  10 freezing wraiths
  8 trolls
  3 meliai (Spider:4)
  A polar bear (Lair:5)
  28 merfolk
  24 wind drakes
  2 minotaur skeletons
  3 tyrant leeches (Lair:5)
  A slime creature (shapeshifter) (Vaults:5)
  A wolf spider simulacrum (D:15)
  34 blink frogs
  A wind drake (shapeshifter) (Vaults:5)
  3 harpy skeletons
  2 hydra skeletons
  A shadow dragon simulacrum (Vaults:4)
  5 hornets
  A hornet (shapeshifter) (D:14)
  26 tarantellas
  8 raiju
  A stone giant simulacrum (Coc:4)
  11 dream sheep (Shoals:2)
  A fire dragon zombie (Tomb:1)
  A meliai zombie (Crypt:2)
  2 iron dragon simulacra
  A frost giant simulacrum (Depths:3)
  An ettin zombie (Crypt:1)
  2 centaur simulacra
  12 snapping turtles
  18 flying skulls
  2 ice dragon skeletons
  2 naga simulacra
  2 spriggans (shapeshifter)
  7 spriggans
  2 dire elephant simulacra
  An ettin skeleton (Crypt:2)
  A shadow (D:9)
  15 culicivoras
  11 wraiths
  3 fire dragon skeletons
  2 ushabtiu (Tomb:1)
  20 jumping spiders
  20 water elementals
  4 wyverns
  22 ynoxinuls
  21 yaks
  3 fire elementals
  3 fire bats (Orc:2)
  15 neqoxecs (Pan)
  2 hogs (shapeshifter) (Vaults:5)
  17 vampire mosquitoes
  3 basilisks
  12 chaos spawn
  A steam dragon (D:9)
  36 redbacks
  14 golden eyes
  9 wargs
  Menkaure (D:5)
  An elf skeleton (Vaults:4)
  8 harpy simulacra
  4 spatial vortices (WizLab)
  3 swamp worms (Gauntlet)
  A water moccasin (shapeshifter) (Depths:4)
  A faun zombie (Crypt:3)
  A floating eye (Pan)
  2 hydra simulacra
  A glowing shapeshifter skeleton (Depths:3)
  13 water moccasins
  7 hell hounds
  2 ice beasts
  5 ettin simulacra
  33 orc warriors
  A swamp dragon zombie (Crypt:3)
  2 swamp drakes (D:12)
  A black bear (Lair:4)
  A golden eye zombie (Crypt:3)
  10 wolves
  A wolf (shapeshifter) (D:14)
  5 boggarts
  13 centaurs
  8 ogres
  A snapping turtle skeleton (Crypt:1)
  A phantom (D:6)
  2 lemures (D:8)
  A swamp dragon skeleton (Crypt:1)
  A yaktaur zombie (Crypt:2)
  3 kobold brigands
  Blork the orc (D:4)
  14 bullfrogs
  11 earth elementals
  3 human skeletons
  6 necrophages
  A cane toad simulacrum (IceCv)
  4 scorpions
  A yaktaur skeleton (Crypt:1)
  A water moccasin zombie (D:5)
  3 wights (D:6)
  4 killer bees (D:10)
  A queen bee zombie (Crypt:1)
  5 electric eels
  A quasit (WizLab)
  4 jellies
  26 orc priests
  2 hounds
  A bullfrog skeleton (D:5)
  3 iguanas
  A lightning spire (Gauntlet)
  28 orc wizards
  A polar bear simulacrum (IceCv)
  23 mummies
  2 hound zombies (D:5)
  A boggart simulacrum (D:13)
  Robin (D:2)
  A steam dragon zombie (Crypt:1)
  3 adders
  A shadow imp (D:6)
  A swamp drake skeleton (Crypt:1)
  2 ufetubi
  An adder skeleton (Crypt:1)
  An adder zombie (D:5)
  A worm (D:3)
  3 dart slugs (D:1)
  88 orcs
  4 ball pythons
  7 endoplasms
  2 giant cockroaches
  11 goblins
  8 hobgoblins
  6 jackals
  15 kobolds
  5 quokkas
  8 bats
  A frilled lizard (D:1)
  A quokka skeleton (Crypt:2)
  2 rats (D:1)
  A creeping inferno (Geh:7)
  20 fire vortices
  A starspawn tentacle (Abyss:5)
  4 tentacles (Shoals:1)
3690 creatures vanquished.

Vanquished Creatures (collateral kills)
  Dispater (Dis:7)
  A juggernaut (Dis:7)
  A profane servitor (Tar:7)
  A Tzitzimitl (Tar:7)
  2 Brimstone Fiends (Geh:7)
  A hellephant (Geh:6)
  3 Hell Sentinels (Pan)
  3 Ice Fiends
  A searing wretch (Geh:6)
  An eldritch tentacle (Pan)
  An ancient champion (Dis:7)
  2 storm dragons (Pan)
  2 balrugs
  A nargun (Coc:7)
  3 cacodemons (Pan)
  2 elemental wellsprings (Coc:7)
  A lorocyproca (Pan)
  6 wendigos
  A blizzard demon (Pan)
  A mummy priest (Tomb:2)
  A juggernaut simulacrum (Coc:7)
  A death scarab (Tomb:2)
  3 sun demons (Pan)
  A glowing orange brain (Pan)
  3 sixfirhies (Pan)
  A skeletal warrior (Tomb:2)
  A wizard (Pan)
  4 smoke demons (Pan)
  An eye of devastation (Pan)
  2 tormentors (Coc:7)
  A hellion (Pan)
  A freezing wraith (Coc:7)
  A demonic crawler (Pan)
  An iron giant simulacrum (Coc:6)
  3 hellwings (Pan)
  3 wind drakes (Pan)
  A flying skull (Tomb:2)
  4 large abominations (Pan)
  A golden eye (Pan)
  A neqoxec (Pan)
  A chaos spawn (Pan)
  2 harpy simulacra (Coc:6)
  A floating eye (Pan)
  An ufetubus (Pan)
  4 fire vortices (Geh:6)
79 creatures vanquished.

Vanquished Creatures (others)
  Cerebov (Pan)
  2 titans (Pan)
  A demonspawn warmonger (Pan)
  2 draconian knights
  2 fire giants
  A vault warden (Vaults:5)
  A ghost moth (Spider:4)
  2 shard shrike simulacra
  2 draconian annihilators
  A vampire knight (Depths:4)
  4 elemental wellsprings
  A wendigo (Coc:7)
  An ettin (Vaults:5)
  A caustic shrike simulacrum (Coc:6)
  A deep elf knight (Elf:2)
  A wizard (Pan)
  A spriggan simulacrum (Coc:5)
  A deep elf zephyrmancer (Elf:2)
  3 deep elf pyromancers
  A titan simulacrum (Coc:6)
  A smoke demon (Pan)
  A hellion (Pan)
  An iron giant simulacrum (Coc:4)
  A golden dragon simulacrum (Coc:7)
  A hellwing (Pan)
  2 wind drakes (Pan)
  An iron dragon simulacrum (Coc:7)
  A blink frog (WizLab)
  A jumping spider (Spider:2)
  2 naga simulacra
  A chaos spawn (Pan)
  A neqoxec (Pan)
  3 harpy simulacra
  An ogre (Vaults:5)
  An orc wizard (D:9)
  2 orcs
  A kobold (D:7)
  3 ball lightnings (Pan)
  2 creeping infernos
  6 fire vortices
  44 fungi
  139 plants
  6 starspawn tentacles (Abyss:5)
  4 tentacles (Shoals:1)
256 creatures vanquished.

Grand Total: 4025 creatures vanquished

Notes
Turn   | Place    | Note
-------+----------+-------------------------------------------
     0 | D:1      | Toastz the Tengu Monk began the quest for the Orb.
     0 | D:1      | Reached XP level 1. HP: 14/14 MP: 2/2
   329 | D:1      | Reached XP level 2. HP: 18/19 MP: 3/3
   645 | D:1      | Found a faded altar of an unknown god.
   660 | D:1      | Reached XP level 3. HP: 18/23 MP: 4/4
  1858 | D:2      | Noticed Robin
  1865 | D:2      | Killed Robin
  1866 | D:2      | Reached XP level 4. HP: 11/28 MP: 5/5
  2390 | D:3      | Reached skill level 1 in Armour
  2952 | D:4      | Noticed a scorpion
  2954 | D:4      | Killed a scorpion
  2955 | D:4      | Reached skill level 1 in Shields
  2955 | D:4      | Gained mutation: Your magical nature lets you fly swiftly
                  | and evasively. [Tengu growth]
  2955 | D:4      | Reached XP level 5. HP: 33/33 MP: 6/6
  3053 | D:4      | Reached skill level 5 in Long Blades
  3292 | D:4      | Noticed Blork the orc
  3297 | D:4      | Killed Blork the orc
  3298 | D:4      | Reached XP level 6. HP: 29/38 MP: 7/7
  3882 | D:5      | Entered Level 5 of the Dungeon
  3883 | D:5      | Noticed an ice beast
  4127 | D:4      | Reached XP level 7. HP: 31/44 MP: 8/8
  5961 | D:5      | Reached skill level 5 in Fighting
  5961 | D:5      | Reached XP level 8. HP: 28/49 MP: 9/9
  6175 | D:5      | Identified 4 scrolls of acquirement
  6176 | D:5      | Acquired a ring of resist corrosion
  6322 | D:5      | Acquired the ring "Wugeadai" {Str+4 Dex+6}
  6325 | D:5      | Acquired the +1 cloak of Starlight {*Dazzle EV+4 Stlth--}
  6325 | D:5      | Found the +1 cloak of Starlight {*Dazzle EV+4 Stlth--}
  6331 | D:5      | Acquired a +0 double sword of draining
  6347 | D:5      | Found Tikhloi Imel's General Store.
  6352 | D:5      | Bought a scroll of identify for 28 gold pieces
  6692 | D:5      | Reached skill level 5 in Dodging
  6703 | D:5      | Noticed Menkaure
  6708 | D:5      | Killed Menkaure
  6758 | D:5      | Found a staircase to the Ecumenical Temple.
  6801 | Temple   | Entered the Ecumenical Temple
  6801 | Temple   | Found a transporter.
  6801 | Temple   | Found a transporter.
  6803 | Temple   | Found a transporter.
  6803 | Temple   | Found a transporter.
  6849 | Temple   | Became a worshipper of Warmaster Okawaru
  6849 | Temple   | Reached * piety under Okawaru
  6849 | Temple   | Reached ** piety under Okawaru
  7212 | D:6      | Reached skill level 5 in Armour
  7212 | D:6      | Reached XP level 9. HP: 55/55 MP: 10/10
  7216 | D:6      | Found Kiqarphe's General Store.
  7224 | D:6      | Bought a scroll of identify for 22 gold pieces
  7890 | D:7      | Found a burning altar of Makhleb.
  8179 | D:7      | Found a bloodstained altar of Trog.
  9627 | D:8      | Noticed Pikel
  9637 | D:8      | Killed Pikel
  9637 | D:8      | Reached *** piety under Okawaru
  9638 | D:8      | Reached skill level 1 in Invocations
  9824 | D:9      | Reached skill level 10 in Long Blades
  9932 | D:9      | Received a gift from Okawaru
 10008 | D:9      | Found a glowing golden altar of the Shining One.
 10094 | D:9      | Reached XP level 10. HP: 61/61 MP: 12/12
 10285 | D:9      | Reached **** piety under Okawaru
 10697 | D:10     | Entered Level 10 of the Dungeon
 10741 | D:10     | Found a staircase to the Lair.
 10851 | D:10     | Noticed a two-headed ogre
 10858 | D:10     | Killed a two-headed ogre
 11290 | D:11     | Noticed a kobold demonologist
 11297 | D:11     | Noticed a kobold demonologist
 11299 | D:11     | Killed a kobold demonologist
 11305 | D:11     | Killed a kobold demonologist
 11339 | D:11     | Identified the ring of Wu Jian, Freezing {rPois rC+}
 11373 | D:11     | Reached ***** piety under Okawaru
 11544 | D:11     | Noticed a manticore
 11551 | D:11     | Killed a manticore
 11552 | D:11     | Reached XP level 11. HP: 68/68 MP: 13/13
 11628 | D:11     | Noticed a centaur warrior
 11638 | D:11     | Killed a centaur warrior
 11642 | D:11     | Identified the +3 buckler of Panentheism {Will+ Dex+2}
                  | (Okawaru gifted it to you on level 11 of the Dungeon)
 11642 | D:11     | Received a gift from Okawaru
 11900 | D:11     | Noticed a four-headed hydra
 11907 | D:11     | Killed a six-headed hydra
 12341 | Lair:1   | Entered Level 1 of the Lair of Beasts
 13140 | Lair:2   | Found a frozen archway.
 13153 | IceCv    | Entered an ice cave
 13153 | IceCv    | Noticed a white ugly thing
 13162 | IceCv    | Killed a white ugly thing
 13174 | IceCv    | Found a transporter.
 13178 | IceCv    | Noticed a white ugly thing
 13191 | IceCv    | Found a transporter.
 13752 | Lair:2   | Noticed a boulder beetle
 13761 | Lair:2   | Killed a boulder beetle
 13762 | Lair:2   | Reached XP level 12. HP: 76/76 MP: 12/15
 13902 | Lair:2   | Found a staircase to the Shoals.
 13960 | Lair:2   | Found a hole to the Spider Nest.
 14502 | Lair:3   | Received a gift from Okawaru
 14688 | Lair:3   | Noticed a four-headed hydra
 14695 | Lair:3   | Killed a four-headed hydra
 15033 | Lair:3   | Reached skill level 10 in Dodging
 15405 | Lair:4   | Reached skill level 5 in Invocations
 15419 | Lair:4   | Noticed a six-headed hydra
 15433 | Lair:4   | Noticed a four-headed hydra
 15721 | Lair:4   | Killed a ten-headed hydra
 15732 | Lair:4   | Killed a five-headed hydra
 15733 | Lair:4   | Reached skill level 10 in Fighting
 16039 | Lair:4   | Found a viscous altar of Jiyva.
 16043 | Lair:4   | Found a staircase to the Slime Pits.
 16191 | Lair:4   | Reached XP level 13. HP: 82/82 MP: 18/18
 16377 | Lair:5   | Entered Level 5 of the Lair of Beasts
 16408 | Lair:5   | Reached skill level 15 in Long Blades
 16592 | Lair:5   | Received a gift from Okawaru
 16947 | Lair:5   | Identified the +1 pair of gloves "Moan" {Regen+ Stlth+}
                  | (Okawaru gifted it to you on level 5 of the Lair of Beasts)
 16947 | Lair:5   | Received a gift from Okawaru
 16960 | Lair:5   | Reached ****** piety under Okawaru
 17145 | Lair:5   | Reached skill level 1 in Evocations
 17516 | Lair:5   | Reached XP level 14. HP: 90/90 MP: 19/19
 18070 | D:12     | Found a staircase to the Orcish Mines.
 18579 | Orc:1    | Entered Level 1 of the Orcish Mines
 18640 | Orc:1    | Found Ocieps's Magic Scroll Shop.
 18652 | Orc:1    | Bought a scroll of identify for 30 gold pieces
 18652 | Orc:1    | Bought a scroll of teleportation for 45 gold pieces
 18652 | Orc:1    | Bought a scroll of teleportation for 45 gold pieces
 18652 | Orc:1    | Bought a scroll of fear for 60 gold pieces
 18834 | Orc:2    | Entered Level 2 of the Orcish Mines
 18841 | Orc:2    | Received a gift from Okawaru
 18914 | Orc:2    | Noticed an orc warlord
 18933 | Orc:2    | Killed an orc warlord
 18962 | Orc:2    | Found a staircase to the Elven Halls.
 19014 | Orc:2    | Found a dark tunnel.
 19023 | Volcano  | Entered a volcano
 19289 | Volcano  | Reached skill level 5 in Evocations
 19749 | Orc:2    | Identified the +6 double sword "Yghiu" {flame, rF- rC++}
                  | (Okawaru gifted it to you on level 2 of the Orcish Mines)
 19749 | Orc:2    | Received a gift from Okawaru
 19950 | Orc:2    | Gained mutation: You are weak. (Str -2) [a neqoxec]
 19985 | Orc:2    | Found Maps's Book Boutique.
 19987 | Orc:2    | Found Jiafueng's Distillery.
 19991 | Orc:2    | Found Weggiodi's Distillery.
 19992 | Orc:2    | Found Seihan's Antique Armour Boutique.
 19996 | Orc:2    | Bought a glimmering scale mail for 234 gold pieces
 19996 | Orc:2    | Identified the +6 scale mail "Zisuseon" {Will+ Dex+4} (You
                  | bought it in a shop on level 2 of the Orcish Mines)
 20015 | Orc:2    | Bought a potion of resistance for 120 gold pieces
 20015 | Orc:2    | Bought a potion of haste for 120 gold pieces
 20015 | Orc:2    | Bought a potion of haste for 120 gold pieces
 20015 | Orc:2    | Bought a potion of might for 48 gold pieces
 20022 | Orc:2    | Bought a potion of might for 56 gold pieces
 20022 | Orc:2    | Bought 2 potions of resistance for 280 gold pieces
 20022 | Orc:2    | Bought a potion of ambrosia for 112 gold pieces
 20308 | Orc:1    | Found Sonariyth's General Store.
 20402 | Orc:1    | Found Mojomofe's Weapon Emporium.
 20673 | D:13     | Reached XP level 15. HP: 93/97 MP: 22/22
 20931 | D:13     | Identified the +0 pair of gloves "Pytatuep" {-Tele Str+6
                  | Int+3 Slay+2} (Okawaru gifted it to you on level 13 of the
                  | Dungeon)
 20931 | D:13     | Received a gift from Okawaru
 21185 | D:13     | Reached skill level 10 in Armour
 21225 | D:13     | Reached skill level 5 in Shields
 21872 | D:14     | Noticed Louise
 21925 | D:14     | Killed Louise
 21973 | D:14     | Noticed Roxanne
 21992 | D:14     | Killed Roxanne
 22143 | D:14     | Noticed Josephine
 22156 | D:14     | Killed Josephine
 22286 | D:14     | Found a gate to the Vaults.
 22606 | D:15     | Entered Level 15 of the Dungeon
 22634 | D:15     | Found a portal to a secret trove of treasure.
 22681 | D:15     | Found a gate leading to a gauntlet.
 22693 | Gauntlet | Entered a Gauntlet
 22693 | Gauntlet | Found a transporter.
 22693 | Gauntlet | Found a transporter.
 22709 | Gauntlet | Found a transporter.
 22713 | Gauntlet | Found a transporter.
 22723 | Gauntlet | Found a transporter.
 22727 | Gauntlet | Found a transporter.
 22737 | Gauntlet | Found a transporter.
 22758 | Gauntlet | Found a transporter.
 22763 | Gauntlet | Found a transporter.
 22767 | Gauntlet | Found a transporter.
 22767 | Gauntlet | Found the amulet of the Four Winds {rN+ Will+++ Clar}
 22777 | Gauntlet | Found a transporter.
 22781 | Gauntlet | Found a transporter.
 22928 | Gauntlet | Identified the +2 scimitar "Cacs" {vorpal, rCorr} (Okawaru
                  | gifted it to you in a Gauntlet)
 22928 | Gauntlet | Received a gift from Okawaru
 22966 | Gauntlet | Identified the +0 cloak of the Skies Above {rElec rCorr}
 22984 | Gauntlet | Identified the +1 war axe "Tomiz" {vorpal, Int+6}
 22984 | Gauntlet | Identified the +3 kite shield of Resilience {rPois}
 23009 | Gauntlet | Identified the +9 triple sword of Terror {vamp, Str+2}
 23041 | Gauntlet | Got the Atlas of Articulation
 23591 | D:15     | Found a staircase to the Depths.
 23884 | D:15     | Reached XP level 16. HP: 101/106 MP: 23/23
 24332 | Spider:1 | Entered Level 1 of the Spider Nest
 24737 | Spider:1 | Found a transporter.
 24741 | Spider:1 | Found a transporter.
 25097 | Spider:1 | Received a gift from Okawaru
 25567 | Spider:2 | Reached skill level 15 in Fighting
 25609 | Spider:2 | Reached skill level 10 in Shields
 25674 | Spider:2 | Identified the +7 chain mail of Nikiruuf {Int+7} (Okawaru
                  | gifted it to you on level 2 of the Spider Nest)
 25674 | Spider:2 | Received a gift from Okawaru
 26366 | Spider:4 | Entered Level 4 of the Spider Nest
 26401 | Spider:4 | Reached XP level 17. HP: 113/113 MP: 24/24
 27023 | Spider:4 | Identified the +5 long sword of the Evening {vorpal, rPois
                  | rN+ Int+4 Dex-4} (Okawaru gifted it to you on level 4 of
                  | the Spider Nest)
 27023 | Spider:4 | Received a gift from Okawaru
 27429 | Spider:4 | Noticed Bai Suzhen
 27666 | Shoals:1 | Entered Level 1 of the Shoals
 28116 | D:15     | Lost mutation: You are weak. (Str -2) [potion of mutation]
 28116 | D:15     | Gained mutation: Your flesh is heat resistant. (rF+)
                  | [potion of mutation]
 28116 | D:15     | Gained mutation: You have a pair of small antennae on your
                  | head. [potion of mutation]
 28425 | Shoals:1 | Noticed a kraken
 28448 | Shoals:1 | Killed a kraken
 28495 | Shoals:1 | Noticed Donald
 28507 | Shoals:1 | Killed Donald
 28513 | Shoals:1 | Identified the +1 robe of Happy Babbling {Fly Dex+5}
                  | (Okawaru gifted it to you on level 1 of the Shoals)
 28513 | Shoals:1 | Received a gift from Okawaru
 30042 | Shoals:3 | Found Mocvos's Book Shoppe.
 30092 | Shoals:3 | Reached XP level 18. HP: 106/120 MP: 25/25
 30158 | Shoals:3 | Noticed Jorgrun
 30168 | Shoals:3 | Killed Jorgrun
 30199 | Shoals:3 | Received a gift from Okawaru
 30752 | Shoals:4 | Entered Level 4 of the Shoals
 30984 | Shoals:4 | Reached XP level 19. HP: 127/127 MP: 26/26
 30985 | Shoals:4 | Reached XP level 20. HP: 132/132 MP: 27/27
 30993 | Shoals:4 | Found a runed translucent door.
 30993 | Shoals:4 | Noticed Bityczex's ghost (adept DEFE)
 31141 | Shoals:4 | Identified the +5 scale mail of Submission {rC+ Regen+}
 31264 | Shoals:4 | Identified the +12 dagger "Impbane" {drain, rPois rN++
                  | Str-4 SInv}
 31296 | Shoals:4 | Reached skill level 15 in Shields
 31880 | Shoals:4 | Got the Dissertation on Blows and Bruises
 32268 | Shoals:4 | Killed Bityczex's ghost
 32331 | Shoals:4 | Got a barnacled rune of Zot
 32508 | Orc:1    | Bought a scroll of enchant armour for 112 gold pieces
 32561 | Orc:1    | Bought a potion of resistance for 110 gold pieces
 32719 | D:15     | You paid a toll of 4 potions of resistance to enter a
                  | treasure trove
 32720 | Trove    | Entered a treasure trove
 32725 | Trove    | Found the +3 hat of Pondering {ponderous, Will+ MP+10
                  | Int+5}
 32729 | Trove    | Identified the ring of Ynivijeth {Str+2 Dex+6}
 33173 | Spider:3 | Killed Bai Suzhen
 33185 | Spider:4 | Reached skill level 15 in Armour
 33265 | Spider:4 | Got a gossamer rune of Zot
 33721 | Vaults:1 | Entered Level 1 of the Vaults
 33963 | D:14     | Identified the +5 kite shield "Qegaukal" {rPois Regen+
                  | rCorr Stlth-} (Okawaru gifted it to you on level 14 of the
                  | Dungeon)
 33963 | D:14     | Received a gift from Okawaru
 34350 | Vaults:1 | Reached skill level 15 in Dodging
 34530 | Vaults:1 | Reached XP level 21. HP: 128/140 MP: 28/28
 35540 | Vaults:2 | Found a magical portal.
 35569 | WizLab   | Entered The Roulette of Golubria
 35569 | WizLab   | Found a transporter.
 35577 | WizLab   | Found the +2 cloak of the Thief {*Fog Slay-2 SInv Stlth+}
 35577 | WizLab   | Found a corrupted altar of Lugonu.
 35607 | WizLab   | Found a transporter.
 35619 | WizLab   | Found a transporter.
 35649 | WizLab   | Found a corrupted altar of Lugonu.
 35656 | WizLab   | Found a transporter.
 35681 | WizLab   | Found a transporter.
 35708 | WizLab   | Found a transporter.
 35798 | WizLab   | Found a transporter.
 35837 | WizLab   | Found a transporter.
 35854 | WizLab   | Found a transporter.
 35906 | WizLab   | Found a transporter.
 35936 | WizLab   | Found a transporter.
 35981 | WizLab   | Found a transporter.
 36128 | WizLab   | Found a transporter.
 36128 | WizLab   | Found a transporter.
 36160 | WizLab   | Identified the +0 cloak of Furoen {Harm}
 36179 | WizLab   | Identified the +2 cloak of Atwasm {+Inv rN+ Stlth+}
 36188 | WizLab   | Identified the +0 cloak of the Big Bang {+Inv, +Inv rN+
                  | Int-2}
 36259 | WizLab   | Found a transporter.
 36259 | WizLab   | Found a transporter.
 36293 | WizLab   | Found a transporter.
 36375 | WizLab   | Found a transporter.
 36375 | WizLab   | Found a transporter.
 36381 | WizLab   | Identified the +10 long sword of Wuofyh {flame, rElec}
                  | (Okawaru gifted it to you in a wizard's laboratory)
 36381 | WizLab   | Received a gift from Okawaru
 36446 | WizLab   | Found a transporter.
 36475 | WizLab   | Got Gell's Omnibus of Disestablishmentarianism
 36604 | Vaults:2 | Noticed Asterion
 36616 | Vaults:2 | Killed Asterion
 36656 | Vaults:2 | Paralysed by a great orb of eyes for 4 turns
 36778 | Vaults:2 | Paralysed by a great orb of eyes for 3 turns
 36904 | Vaults:2 | Received a gift from Okawaru
 37112 | Vaults:2 | Reached skill level 1 in Throwing
 37282 | Vaults:2 | Noticed Xtahua
 37429 | Vaults:2 | Killed Xtahua
 37967 | Vaults:3 | Reached skill level 10 in Evocations
 37967 | Vaults:3 | Reached XP level 22. HP: 149/149 MP: 29/29
 38059 | Vaults:3 | Received a gift from Okawaru
 38539 | Vaults:3 | Reached skill level 5 in Throwing
 38634 | Vaults:3 | Found a staircase to the Crypt.
 38792 | Vaults:3 | Noticed Frederick
 38812 | Vaults:3 | Killed Frederick
 38812 | Vaults:3 | Received a gift from Okawaru
 38876 | Vaults:3 | Found Iloentut's Assorted Antiques.
 38930 | Vaults:3 | Bought a potion of heal wounds for 180 gold pieces
 38930 | Vaults:3 | Bought a scroll of fear for 144 gold pieces
 39211 | Vaults:3 | Identified the amulet "Ystitut" {Reflect Rampage Fragile
                  | rN++ rCorr SH+5}
 39339 | Vaults:3 | You are sucked into a shaft and drop 1 floor!
 39387 | Vaults:4 | Noticed Margery
 39402 | Vaults:4 | Killed Margery
 39507 | Vaults:4 | Found the macabre finger necklace {rN+}
 39612 | Vaults:4 | Paralysed by a great orb of eyes for 5 turns
 39996 | Vaults:4 | Identified the +0 pair of gloves of Womp {Rampage rElec rC+
                  | Dex-5} (Okawaru gifted it to you on level 4 of the Vaults)
 39996 | Vaults:4 | Received a gift from Okawaru
 39997 | Vaults:4 | Reached XP level 23. HP: 161/161 MP: 30/30
 39997 | Vaults:4 | Noticed Sojobo
 40012 | Vaults:4 | Killed Sojobo
 41329 | Elf:1    | Entered Level 1 of the Elven Halls
 41752 | Elf:1    | Learned a level 2 spell: Wereblood
 41758 | Elf:1    | Found Ema Ugest's Magic Scroll Shop.
 41762 | Elf:1    | Found Kojigon's Antique Armour Shop.
 41913 | Elf:1    | Reached skill level 1 in Transmutations
 42003 | Elf:1    | Gained mutation: Your magical capacity is low. (-10% MP) [a
                  | cacodemon]
 42371 | Elf:2    | Found a runed translucent gate.
 42371 | Elf:2    | Found a runed translucent gate.
 42376 | Elf:2    | Found a runed translucent gate.
 42471 | Elf:2    | Identified the +10 chain mail "Soyhomn" {+Blink rC+ Regen+}
                  | (Okawaru gifted it to you on level 2 of the Elven Halls)
 42471 | Elf:2    | Received a gift from Okawaru
 42510 | Elf:2    | Found Methyre's Jewellery Boutique.
 42565 | Elf:2    | Found Witruicw's Magic Scroll Shop.
 42570 | Elf:2    | Bought a scroll of fear for 44 gold pieces
 42570 | Elf:2    | Bought a scroll of enchant weapon for 82 gold pieces
 42570 | Elf:2    | Bought a scroll of silence for 104 gold pieces
 42570 | Elf:2    | Bought a scroll of magic mapping for 82 gold pieces
 42570 | Elf:2    | Bought a scroll of fear for 44 gold pieces
 42570 | Elf:2    | Bought a scroll of enchant armour for 82 gold pieces
 43099 | Elf:3    | Entered Level 3 of the Elven Halls
 43196 | Elf:3    | Found Mewkeah's General Store.
 43206 | Elf:3    | Bought a scroll of teleportation for 42 gold pieces
 43250 | Elf:3    | Bought a phial of floods for 560 gold pieces
 43568 | Elf:3    | Reached XP level 24. HP: 148/171 MP: 26/27
 43570 | Elf:3    | Identified the ring "Veske" {rPois Will- Int+4 Slay+6}
 43584 | Elf:3    | Identified the +10 long sword of Corporal Punishment
                  | {venom, Dex+4} (Okawaru gifted it to you on level 3 of the
                  | Elven Halls)
 43584 | Elf:3    | Received a gift from Okawaru
 43932 | Elf:3    | Identified the +8 broad axe "Roohaum" {drain, rC+ Will+++
                  | MP+9 Stlth-}
 43932 | Elf:3    | Identified the amulet "Xinlacedgh" {Acrobat rCorr}
 43962 | Elf:3    | Reached skill level 5 in Transmutations
 44046 | Elf:3    | Got the Codex of Maledictive Command
 44098 | Elf:3    | Identified the +1 whip of Zyifaup {elec, *Rage rPois rC+}
 45028 | Depths:1 | Entered Level 1 of the Depths
 45028 | Depths:1 | Noticed the Enchantress
 45033 | Depths:1 | Identified the +2 hat of Good Intentions {rF+ rCorr Str+3
                  | Int-3} (Okawaru gifted it to you on level 1 of the Depths)
 45033 | Depths:1 | Received a gift from Okawaru
 45038 | Depths:1 | Killed the Enchantress
 45053 | Depths:1 | Reached skill level 1 in Spellcasting
 45269 | Depths:1 | Found a gateway to Hell.
 45341 | Depths:1 | Found Gugrof's Superior Scales.
 45538 | Depths:1 | Found a glowing silver altar of Zin.
 45705 | Depths:1 | Identified the +7 spear of the Tired Underlurkers {drain,
                  | rElec rF- Str+5}
 46074 | Depths:2 | Found a runed translucent door.
 46081 | Depths:2 | Noticed strangelove's ghost (master GrEE)
 46183 | Depths:2 | Found Powe Woc's Distillery.
 46195 | Depths:2 | Bought a potion of resistance for 210 gold pieces
 46195 | Depths:2 | Bought a potion of might for 84 gold pieces
 46195 | Depths:2 | Bought a potion of mutation for 168 gold pieces
 46195 | Depths:2 | Bought a potion of haste for 210 gold pieces
 46262 | Depths:2 | Found a one-way gate leading to the halls of Pandemonium.
 46314 | Depths:2 | Found a blossoming altar of Fedhas.
 46509 | Depths:2 | Identified the +1 chain mail "Qetzeuv" {Rampage rN++}
                  | (Okawaru gifted it to you on level 2 of the Depths)
 46509 | Depths:2 | Received a gift from Okawaru
 46544 | Depths:2 | Reached XP level 25. HP: 178/178 MP: 27/27
 47079 | Depths:2 | Identified the +1 cloak of the Earth {rF+}
 47346 | Depths:3 | Found a one-way gate to the infinite horrors of the Abyss.
 47475 | Depths:3 | Found an opulent altar of Gozag.
 47550 | Depths:3 | Found a runed translucent gate.
 47550 | Depths:3 | Found a runed translucent gate.
 47550 | Depths:3 | Found a runed translucent gate.
 47551 | Depths:3 | Noticed WeeknightWizard's ghost (veteran DEFE)
 47574 | Depths:3 | Killed WeeknightWizard's ghost
 47822 | Depths:3 | Found a one-way gateway to a ziggurat.
 47885 | Depths:3 | Identified the +6 chain mail "Jidut" {rC+ Dex+4 SInv}
 48289 | Depths:4 | Entered Level 4 of the Depths
 48404 | Depths:4 | Paralysed by a vampire knight for 2 turns
 48511 | Depths:4 | Found a gate to the Realm of Zot.
 48682 | Depths:4 | Acquired the ring of the Sparrow {rC+ rN+ Str+4 Dex+2 SInv}
 48799 | Depths:4 | Received a gift from Okawaru
 49176 | Depths:3 | Voluntarily entered the Abyss.
 49189 | Abyss:2  | Found a corrupted altar of Lugonu.
 49275 | Abyss:3  | Found a broken altar of Ashenzari.
 49329 | Abyss:5  | Found a corrupted altar of Lugonu.
 49377 | Abyss:5  | Noticed an ancient lich
 49378 | Abyss:5  | Got an abyssal rune of Zot
 49544 | Depths:3 | Escaped the Abyss
 50027 | Vaults:5 | Entered Level 5 of the Vaults
 50074 | Vaults:5 | Noticed a dread lich
 50078 | Vaults:5 | Killed a dread lich
 50095 | Vaults:5 | Received a gift from Okawaru
 50130 | Vaults:5 | Received a gift from Okawaru
 50137 | Vaults:5 | Reached XP level 26. HP: 187/187 MP: 26/27
 50222 | Vaults:5 | Noticed an ancient lich
 50237 | Vaults:5 | Killed an ancient lich
 50316 | Vaults:5 | Identified the ring of Toelynes {rPois AC+4}
 50341 | Vaults:5 | Acquired the ring of Oraiss {rPois rF+ Int-2 Dex+4}
 50389 | Vaults:5 | Identified the +0 robe of Uttas {*Corrode rPois Archmagi}
 50414 | Vaults:5 | Got the Precepts of Distant Worlds
 50519 | Vaults:5 | Identified the +0 hat of the Forest {Rampage rElec Int+4
                  | Slay-4} (Okawaru gifted it to you on level 5 of the Vaults)
 50519 | Vaults:5 | Received a gift from Okawaru
 50732 | Vaults:5 | Identified the +1 scale mail of Dice, Bag, and Bottle {rF+
                  | rC- Str+5}
 50957 | Vaults:5 | Identified the ring of Toerisu {rC+ Int+5}
 51183 | Vaults:5 | Got a silver rune of Zot
 51291 | Vaults:5 | Found Gudype's Antique Armour Emporium.
 52375 | Slime:1  | Entered Level 1 of the Pits of Slime
 52720 | Slime:2  | Found a viscous altar of Jiyva.
 52783 | Slime:2  | Gained mutation: Your body sometimes deteriorates upon
                  | taking damage. [a shining eye]
 52823 | Slime:2  | Lost mutation: Your flesh is heat resistant. (rF+) [potion
                  | of mutation]
 52823 | Slime:2  | Lost mutation: Your body sometimes deteriorates upon taking
                  | damage. [potion of mutation]
 52823 | Slime:2  | Lost mutation: Your magical capacity is low. (-10% MP)
                  | [potion of mutation]
 52823 | Slime:2  | Gained mutation: You have supernaturally acute eyesight.
                  | (SInv) [potion of mutation]
 52823 | Slime:2  | Gained mutation: You are robust. (+10% HP) [potion of
                  | mutation]
 52912 | Slime:5  | Entered Level 5 of the Pits of Slime
 52928 | Slime:5  | Received a gift from Okawaru
 52939 | Slime:5  | Gained mutation: You occasionally lose the ability to drink
                  | potions when taking damage. [a shining eye]
 52998 | Slime:4  | Lost mutation: You are robust. (+10% HP) [potion of
                  | mutation]
 52998 | Slime:4  | Lost mutation: You have supernaturally acute eyesight.
                  | (SInv) [potion of mutation]
 52998 | Slime:4  | Gained mutation: Armour fits poorly on your strangely
                  | shaped body. [potion of mutation]
 52999 | Slime:4  | Lost mutation: Armour fits poorly on your strangely shaped
                  | body. [potion of mutation]
 52999 | Slime:4  | Lost mutation: You occasionally lose the ability to drink
                  | potions when taking damage. [potion of mutation]
 52999 | Slime:4  | Lost mutation: You have a pair of small antennae on your
                  | head. [potion of mutation]
 52999 | Slime:4  | Gained mutation: You possess an exceptional clarity of
                  | mind. [potion of mutation]
 52999 | Slime:4  | Gained mutation: You have a pair of small antennae on your
                  | head. [potion of mutation]
 53005 | Slime:5  | Noticed the Royal Jelly
 53043 | Slime:5  | Killed the Royal Jelly
 53436 | Slime:5  | Gained mutation: Potions are less effective at restoring
                  | your health. [a shining eye]
 53506 | Slime:5  | Reached XP level 27. HP: 196/196 MP: 30/30
 53589 | Slime:5  | Identified the +6 demon blade of Amoepuol {venom, Fly Str-3
                  | Int-3 Dex+8}
 53636 | Slime:5  | Identified the +6 triple crossbow of Dadius {flame, rElec
                  | rN+ Will- Dex+2}
 53675 | Slime:5  | Identified the +2 cloak "Liomir" {Regen+}
 53690 | Slime:5  | Identified the +7 short sword of the Extremes {flame,
                  | Int+3}
 53701 | Slime:5  | Identified the ring of Ceuta {rN++ Int+6 Stlth+}
 53707 | Slime:5  | Got a slimy rune of Zot
 53935 | Lair:4   | Learned a level 1 spell: Apportation
 53938 | Lair:4   | Learned a level 2 spell: Blink
 54272 | Zot:1    | Entered Level 1 of the Realm of Zot
 54679 | Zot:1    | Reached skill level 1 in Translocations
 55068 | Zot:1    | Received a gift from Okawaru
 55129 | Zot:1    | Identified the +5 short sword "Saskekuz" {protect, rN++
                  | Str-3 Dex+6}
 55243 | Zot:2    | Reached skill level 15 in Evocations
 55400 | Zot:2    | Received a gift from Okawaru
 55421 | Zot:2    | Identified the +7 tower shield of Modesty {rPois Str+3
                  | Int+2}
 55561 | Zot:2    | Identified the +0 pair of boots "Tamneanurgh" {Will+ Str+4
                  | Dex-3}
 56512 | Zot:3    | Received a gift from Okawaru
 56731 | Zot:3    | Reached skill level 5 in Translocations
 57038 | Zot:3    | Found a runed translucent gate.
 57042 | Zot:3    | Found a runed translucent gate.
 57044 | Zot:3    | Found a runed translucent gate.
 57046 | Zot:3    | Noticed Mikey69's ghost (legendary DsBe)
 57066 | Zot:3    | Received a gift from Okawaru
 57505 | Zot:3    | Identified the ring "Huargh" {Fly rF+ MP+9 Int+5 SInv}
 58269 | Zot:4    | Received a gift from Okawaru
 59836 | Orc:1    | Bought a scroll of poison for 60 gold pieces
 59836 | Orc:1    | Bought a scroll of summoning for 142 gold pieces
 59836 | Orc:1    | Bought a scroll of poison for 60 gold pieces
 59931 | Elf:2    | Bought a scroll of summoning for 104 gold pieces
 59931 | Elf:2    | Bought a scroll of teleportation for 33 gold pieces
 59931 | Elf:2    | Bought a scroll of teleportation for 33 gold pieces
 60042 | Elf:3    | Bought a scroll of summoning for 133 gold pieces
 60801 | D:9      | Fell from the grace of Okawaru
 60801 | D:9      | Became a worshipper of the Shining One
 61027 | Crypt:1  | Entered Level 1 of the Crypt
 61115 | Crypt:1  | Noticed a dread lich
 61128 | Crypt:1  | Reached * piety under the Shining One
 61203 | Crypt:1  | Reached ** piety under the Shining One
 61352 | Crypt:1  | Found a transporter.
 61352 | Crypt:1  | Found a transporter.
 61403 | Crypt:1  | Reached *** piety under the Shining One
 61585 | Crypt:1  | Reached **** piety under the Shining One
 61718 | Crypt:1  | Identified the +4 flail "Elypeutaz" {freeze, rCorr}
 61814 | Crypt:1  | Reached ***** piety under the Shining One
 62284 | Crypt:2  | Noticed Grunn
 62286 | Crypt:2  | Noticed Boris
 62299 | Crypt:1  | Reached ****** piety under the Shining One
 62413 | Crypt:1  | Reached skill level 10 in Invocations
 62425 | Crypt:1  | Killed Grunn
 62452 | Crypt:1  | Killed Boris
 62481 | Crypt:2  | Identified a +9 eudemon blade of holy wrath (a +7 demon
                  | blade blessed by the Shining One)
 62481 | Crypt:2  | Received a gift from the Shining One
 62560 | Crypt:2  | Identified the +9 war axe "Foinnuj" {pain, rN+++ rCorr
                  | Str+4 Stlth-}
 62916 | Crypt:3  | Entered Level 3 of the Crypt
 62926 | Crypt:3  | Found a transporter.
 62941 | Crypt:3  | Noticed Vailuoroe's ghost (veteran GrEE)
 62945 | Crypt:3  | Found a transporter.
 63028 | Crypt:3  | Noticed Boris
 63033 | Crypt:3  | Killed Boris
 63563 | Crypt:3  | Found a staircase to the Tomb.
 63701 | Crypt:3  | Noticed an ancient lich
 63702 | Crypt:3  | Noticed a dread lich
 63702 | Crypt:3  | Noticed a dread lich
 63710 | Crypt:3  | Noticed Zenata
 63723 | Crypt:3  | Killed Zenata
 63746 | Crypt:3  | Killed a dread lich
 63747 | Crypt:3  | Reached skill level 27 in Fighting
 63756 | Crypt:3  | Killed a dread lich
 63766 | Crypt:3  | Killed an ancient lich
 63920 | Crypt:3  | Identified the +2 mace of Gravity {vorpal, Str+4}
 64256 | Crypt:1  | Paralysed by a dread lich for 3 turns
 64481 | Crypt:3  | Killed Vailuoroe's ghost
 64487 | Crypt:3  | Identified the +0 pair of gloves of Puckish Curiosity
                  | {rElec Int+3}
 64542 | Crypt:3  | Learned a level 3 spell: Swiftness
 65562 | Hell     | Entered the Vestibule of Hell
 65562 | Hell     | Noticed Geryon
 65606 | Hell     | Noticed Murray
 65613 | Depths:2 | Reached skill level 1 in Air Magic
 65874 | Depths:2 | Killed Murray
 65941 | Hell     | Reached skill level 5 in Spellcasting
 66263 | Hell     | Killed Geryon
 66292 | Hell     | Found a gateway to the Iron City of Dis.
 66310 | Hell     | Reached skill level 5 in Air Magic
 66422 | Hell     | Found a gateway to the ashen valley of Gehenna.
 66448 | Hell     | Found a gateway to the decaying netherworld of Tartarus.
 66498 | Hell     | Found a gateway to the freezing wastes of Cocytus.
 66658 | Depths:2 | Killed strangelove's ghost
 66676 | Depths:2 | Found a runed translucent door.
 66679 | Depths:2 | Noticed Gucom's ghost (veteran GnFi)
 66680 | Depths:2 | Identified the +4 sling of the Manifold Realms {venom,
                  | rPois Int+6}
 66698 | Depths:2 | Killed Gucom's ghost
 66719 | Depths:2 | Found a runed translucent door.
 66719 | Depths:2 | Noticed Soesill's ghost (adept DgCj)
 66746 | Depths:2 | Killed Soesill's ghost
 66806 | Depths:2 | Identified the ring of Qoakkami {+Blink rC- Str+3 SInv}
 66894 | Pan      | Entered Pandemonium
 67077 | Pan      | Noticed Semozasu the pandemonium lord
 67096 | Pan      | Killed Semozasu the pandemonium lord
 67229 | Pan      | Was forgiven by Okawaru
 67782 | Pan      | Noticed Ybrya the pandemonium lord
 67803 | Pan      | Killed Ybrya the pandemonium lord
 68084 | Pan      | Entered the realm of Mnoleg.
 68094 | Pan      | Gained mutation: Your body sometimes deteriorates upon
                  | taking damage. [a neqoxec]
 68104 | Pan      | Lost mutation: Your body sometimes deteriorates upon taking
                  | damage. [potion of mutation]
 68104 | Pan      | Lost mutation: You have a pair of small antennae on your
                  | head. [potion of mutation]
 68104 | Pan      | Lost mutation: You possess an exceptional clarity of mind.
                  | [potion of mutation]
 68104 | Pan      | Gained mutation: Your natural rate of healing is unusually
                  | fast. [potion of mutation]
 68104 | Pan      | Gained mutation: You are agile. (Dex +4, Str/Int -1)
                  | [potion of mutation]
 68120 | Pan      | Noticed Mnoleg
 68143 | Pan      | Killed Mnoleg
 68259 | Pan      | Got a glowing rune of Zot
 68286 | Pan      | Got the Octavo of the Coals and the Undead
 68318 | Pan      | Gained mutation: You are dopey. (Int -2) [a neqoxec]
 68318 | Pan      | Gained mutation: Your body sometimes deteriorates upon
                  | taking damage. [a neqoxec]
 68319 | Pan      | Gained mutation: You occasionally shout uncontrollably at
                  | your foes. [a neqoxec]
 68330 | Pan      | Gained mutation: You are weak. (Str -2) [a cacodemon]
 68345 | Pan      | Lost mutation: You are agile. (Dex +4, Str/Int -1) [potion
                  | of mutation]
 68345 | Pan      | Lost mutation: You occasionally shout uncontrollably at
                  | your foes. [potion of mutation]
 68345 | Pan      | Lost mutation: You are dopey. (Int -2) [potion of mutation]
 68345 | Pan      | Gained mutation: You have a pair of small horns on your
                  | head. [potion of mutation]
 68345 | Pan      | Gained mutation: You are agile. (Dex +4, Str/Int -1)
                  | [potion of mutation]
 68346 | Pan      | Lost mutation: You are weak. (Str -2) [potion of mutation]
 68346 | Pan      | Lost mutation: Potions are less effective at restoring your
                  | health. [potion of mutation]
 68346 | Pan      | Gained mutation: You have an increased reservoir of magic.
                  | (+10% MP) [potion of mutation]
 68347 | Pan      | Lost mutation: You have a pair of small horns on your head.
                  | [potion of mutation]
 68347 | Pan      | Lost mutation: You have an increased reservoir of magic.
                  | (+10% MP) [potion of mutation]
 68347 | Pan      | Lost mutation: Your body sometimes deteriorates upon taking
                  | damage. [potion of mutation]
 68347 | Pan      | Gained mutation: You are frail. (-10% HP) [potion of
                  | mutation]
 68348 | Pan      | Lost mutation: You are agile. (Dex +4, Str/Int -1) [potion
                  | of mutation]
 68348 | Pan      | Lost mutation: Your natural rate of healing is unusually
                  | fast. [potion of mutation]
 68348 | Pan      | Gained mutation: You are somewhat resistant to further
                  | mutation. [potion of mutation]
 68349 | Pan      | Lost mutation: You are somewhat resistant to further
                  | mutation. [potion of mutation]
 68349 | Pan      | Lost mutation: You are frail. (-10% HP) [potion of
                  | mutation]
 68349 | Pan      | Gained mutation: You occasionally lose the ability to drink
                  | potions when taking damage. [potion of mutation]
 68349 | Pan      | Gained mutation: You have hidden genetic defects. [potion
                  | of mutation]
 68349 | Pan      | Gained mutation: You expend magic power (3 MP) to
                  | strengthen your wands. [potion of mutation]
 68350 | Pan      | Lost mutation: You have hidden genetic defects. [potion of
                  | mutation]
 68350 | Pan      | Lost mutation: You expend magic power (3 MP) to strengthen
                  | your wands. [potion of mutation]
 68350 | Pan      | Lost mutation: You occasionally lose the ability to drink
                  | potions when taking damage. [potion of mutation]
 68350 | Pan      | Gained mutation: You are partially covered in iridescent
                  | scales. (AC +2) [potion of mutation]
 68350 | Pan      | Gained mutation: You have a pair of small horns on your
                  | head. [potion of mutation]
 68412 | Pan      | Entered the realm of Cerebov.
 68641 | Pan      | Identified the ring of Raoll {rElec rCorr}
 68643 | Pan      | Identified the +5 spear of Qyfic {vamp, +Blink rC+ Int+3}
 68737 | Pan      | Identified the +0 short sword of Governance {vamp, Dex+4}
 68769 | Pan      | Found the +6 sword of Cerebov {flame}
 68769 | Pan      | Noticed Cerebov
 68797 | Pan      | Killed Cerebov
 68798 | Pan      | Reached skill level 15 in Invocations
 69002 | Pan      | Identified the +2 robe "Dawes" {rPois Str+9 Dex-2}
 69017 | Pan      | Got a fiery rune of Zot
 69128 | Pan      | Identified the ring "Uduisi" {rF++ EV+4 Str+3 Int-4 Stlth+}
 69481 | Depths:2 | Escaped Pandemonium
 70289 | Pan      | Entered Pandemonium
 70424 | Pan      | Noticed Sameka Jirph the pandemonium lord
 70436 | Pan      | Killed Sameka Jirph the pandemonium lord
 70658 | Pan      | Found an opulent altar of Gozag.
 70659 | Pan      | Found Mitaar's Quality Elixirs.
 70680 | Pan      | Gained mutation: You are dopey. (Int -2) [a cacodemon]
 70687 | Pan      | Gained mutation: You are very dopey. (Int -4) [a cacodemon]
 70693 | Pan      | Gained mutation: You are weak. (Str -2) [a cacodemon]
 70701 | Pan      | Noticed Mitaar the pandemonium lord
 70713 | Pan      | Gained mutation: You are agile. (Dex +4, Str/Int -1) [a
                  | cacodemon]
 70714 | Pan      | Gained mutation: Your spells are a little easier to cast,
                  | but a little less powerful. [a cacodemon]
 70716 | Pan      | Gained mutation: Potions are less effective at restoring
                  | your health. [a cacodemon]
 70719 | Pan      | Killed Mitaar the pandemonium lord
 70795 | Pan      | Found an opulent altar of Gozag.
 70802 | Pan      | Bought a potion of might for 80 gold pieces
 70802 | Pan      | Bought a potion of haste for 200 gold pieces
 70802 | Pan      | Bought a potion of heal wounds for 100 gold pieces
 70802 | Pan      | Bought a potion of heal wounds for 100 gold pieces
 70802 | Pan      | Bought a potion of heal wounds for 100 gold pieces
 70805 | Pan      | Found Mitaar's Demonic Rune Depot.
 70806 | Pan      | Found Mitaar's Superb Hardware.
 70826 | Pan      | Found an opulent altar of Gozag.
 70850 | Pan      | Found Mitaar's Infernal Boutique.
 70859 | Pan      | Noticed a dread lich
 70867 | Pan      | Killed a dread lich
 70935 | Pan      | Bought a demonic rune of Zot for 6572 gold pieces
 70957 | Pan      | Noticed Ocsaihae the pandemonium lord
 70981 | Pan      | Killed Ocsaihae the pandemonium lord
 71022 | Pan      | Lost mutation: You have a pair of small horns on your head.
                  | [potion of mutation]
 71022 | Pan      | Lost mutation: You are very dopey. (Int -4) [potion of
                  | mutation]
 71022 | Pan      | Lost mutation: You are partially covered in iridescent
                  | scales. (AC +2) [potion of mutation]
 71022 | Pan      | Gained mutation: You do not regenerate when monsters are
                  | visible. [potion of mutation]
 71022 | Pan      | Lost mutation: You are agile. (Dex +4, Str/Int -1) [potion
                  | of mutation]
 71022 | Pan      | Lost mutation: Your spells are a little easier to cast, but
                  | a little less powerful. [potion of mutation]
 71023 | Pan      | Lost mutation: You do not regenerate when monsters are
                  | visible. [potion of mutation]
 71023 | Pan      | Lost mutation: Potions are less effective at restoring your
                  | health. [potion of mutation]
 71023 | Pan      | Gained mutation: You sometimes lose your temper in combat.
                  | [potion of mutation]
 71023 | Pan      | Gained mutation: Your system is resistant to poisons.
                  | (rPois) [potion of mutation]
 71023 | Pan      | Lost mutation: You are dopey. (Int -2) [potion of mutation]
 71024 | Pan      | Lost mutation: Your system is resistant to poisons. (rPois)
                  | [potion of mutation]
 71024 | Pan      | Lost mutation: You sometimes lose your temper in combat.
                  | [potion of mutation]
 71024 | Pan      | Lost mutation: You are weak. (Str -2) [potion of mutation]
 71024 | Pan      | Gained mutation: Your magical capacity is low. (-10% MP)
                  | [potion of mutation]
 71024 | Pan      | Gained mutation: You passively dampen the noise of your
                  | surroundings. [potion of mutation]
 71223 | Pan      | Gained mutation: You are clumsy. (Dex -2) [a neqoxec]
 71232 | Pan      | Noticed Qeeniok the pandemonium lord
 71246 | Pan      | Killed Qeeniok the pandemonium lord
 71354 | Pan      | Found an exit through the horrors of the Abyss.
 71555 | Pan      | Found a runed translucent door.
 71556 | Pan      | Found a runed translucent door.
 71640 | Pan      | Found a runed translucent door.
 71646 | Pan      | Noticed Okoext the pandemonium lord
 71652 | Pan      | Killed Okoext the pandemonium lord
 71656 | Pan      | Found a runed translucent door.
 71682 | Pan      | Identified the ring "Hiwkiot" {rC+ Dex+6}
 71739 | Pan      | Entered the realm of Lom Lobon.
 71739 | Pan      | Noticed Lom Lobon
 72032 | Pan      | Got a magical rune of Zot
 72326 | Pan      | Found an exit through the horrors of the Abyss.
 72414 | Pan      | Noticed Wicorch the pandemonium lord
 72419 | Pan      | Killed Wicorch the pandemonium lord
 72438 | Pan      | Entered the realm of Gloorx Vloq.
 72444 | Pan      | Learned a level 4 spell: Passage of Golubria
 73191 | Pan      | Noticed Gloorx Vloq
 73197 | Pan      | Killed Gloorx Vloq
 73213 | Pan      | Got a dark rune of Zot
 73446 | Pan      | Noticed Biokhliamp the pandemonium lord
 73460 | Pan      | Killed Biokhliamp the pandemonium lord
 73642 | Pan      | Reached skill level 10 in Translocations
 74132 | Pan      | Found an exit through the horrors of the Abyss.
 74149 | Pan      | Took an exit into the Abyss.
 74149 | Abyss:5  | Escaped into the Abyss
 74178 | Depths:2 | Escaped the Abyss
 74264 | Tar:1    | Entered Level 1 of Tartarus
 74419 | Tar:2    | You are sucked into a shaft and drop 2 floors!
 75742 | Tar:7    | Entered Level 7 of Tartarus
 76208 | Tar:7    | Reached skill level 27 in Dodging
 76213 | Tar:7    | Learned a level 4 spell: Iskenderun's Mystic Blast
 76236 | Tar:7    | Reached skill level 1 in Conjurations
 76663 | Tar:7    | Reached skill level 5 in Conjurations
 76822 | Tar:7    | Noticed Ereshkigal
 76836 | Tar:7    | Killed Ereshkigal
 76883 | Tar:7    | Got a bone rune of Zot
 76885 | Tar:7    | Identified the +10 long sword "Toeho" {holy, rN+ rCorr}
 77479 | Geh:1    | Entered Level 1 of Gehenna
 78032 | Geh:4    | You are sucked into a shaft and drop 2 floors!
 78355 | Geh:7    | Entered Level 7 of Gehenna
 78402 | Geh:7    | Reached skill level 10 in Throwing
 79239 | Geh:7    | Found the +8 storm bow {elec, penet}
 79278 | Geh:7    | Identified the +3 mace of Prescription {protect, Int+5}
 79280 | Geh:7    | Identified the +1 acid dragon scales of Fedhas's Grace
                  | {Rampage *Slow rC+ rCorr Dex+2}
 79287 | Geh:7    | Identified the +1 pearl dragon scales "Duah" {+Blink rN+}
 79578 | Geh:7    | Found the +7 sceptre of Asmodeus
 79578 | Geh:7    | Noticed Asmodeus
 79599 | Geh:7    | Killed Asmodeus
 79606 | Geh:7    | Got an obsidian rune of Zot
 79901 | Coc:1    | Entered Level 1 of Cocytus
 80336 | Coc:4    | Paralysed by a wendigo for 1 turns
 80368 | Coc:4    | Paralysed by a wendigo for 1 turns
 80504 | Coc:4    | Paralysed by a wendigo for 1 turns
 80624 | Coc:5    | Paralysed by a wendigo for 1 turns
 80764 | Coc:7    | Entered Level 7 of Cocytus
 80779 | Coc:7    | HP: 5/186 [Ice Fiend (7)]
 80779 | Coc:7    | HP: 1/186 [Ice Fiend (4)]
 82087 | Coc:7    | Paralysed by a wendigo for 1 turns
 82357 | Coc:7    | Noticed Antaeus
 82436 | Coc:7    | Identified the +0 tower shield of Beadabij {rElec rC+
                  | Str-2}
 82463 | Coc:7    | Killed Antaeus
 82693 | Coc:7    | Got an icy rune of Zot
 82695 | Coc:7    | Identified the ring "Nidwud" {*Corrode rPois rN+ Will+
                  | Stlth+}
 82869 | Hell     | Learned a level 5 spell: Manifold Assault
 82876 | Hell     | Learned a level 6 spell: Dispersal
 82916 | Dis:1    | Entered Level 1 of the Iron City of Dis
 83261 | Dis:4    | Noticed a dread lich
 83270 | Dis:4    | Killed a dread lich
 83492 | Dis:4    | Noticed a dread lich
 83510 | Dis:4    | Killed a dread lich
 83631 | Dis:4    | Reached skill level 15 in Translocations
 84632 | Dis:7    | Entered Level 7 of the Iron City of Dis
 85375 | Dis:7    | Noticed a juggernaut
 85403 | Dis:7    | Killed a juggernaut
 85423 | Dis:7    | Identified the amulet of Omuw {Acrobat rN+++ Will- Str+6}
 85450 | Dis:7    | Got the Tome of Freezing Execration
 85806 | Dis:7    | Reached skill level 27 in Armour
 87303 | Dis:7    | Noticed the Serpent of Hell
 87344 | Dis:7    | Killed the Serpent of Hell
 87868 | Dis:7    | Noticed a juggernaut
 87868 | Dis:7    | Found the +4 staff of Dispater
 87868 | Dis:7    | Noticed Dispater
 87888 | Dis:7    | Killed Dispater
 87890 | Dis:7    | Killed a juggernaut
 87904 | Dis:7    | Identified the +5 rapier of World Downfall {pain, Str-4
                  | Dex+3 SInv Stlth+}
 87906 | Dis:7    | Got an iron rune of Zot
 88430 | Orc:2    | Bought 3 potions of lignification for 108 gold pieces
 88430 | Orc:2    | Bought a potion of lignification for 36 gold pieces
 88432 | Orc:2    | Bought a potion of lignification for 42 gold pieces
 88432 | Orc:2    | Bought a potion of curing for 42 gold pieces
 88432 | Orc:2    | Bought a potion of brilliance for 56 gold pieces
 88432 | Orc:2    | Bought a potion of attraction for 42 gold pieces
 88432 | Orc:2    | Bought a potion of curing for 42 gold pieces
 88696 | Vaults:3 | Bought a potion of curing for 108 gold pieces
 88696 | Vaults:3 | Bought a potion of lignification for 108 gold pieces
 88835 | Tomb:1   | Entered Level 1 of the Tomb of the Ancients
 89097 | Tomb:1   | Identified the -1 pair of gloves "Gyorphao" {Will+ Stlth+}
 89289 | Tomb:1   | Noticed a royal mummy
 89295 | Tomb:1   | Noticed a royal mummy
 89450 | Tomb:1   | Learned a level 5 spell: Silence
 89681 | Tomb:1   | Got the Book of Terrestrial Transformation
 89858 | Tomb:2   | Noticed a royal mummy
 89862 | Tomb:2   | Noticed a royal mummy
 89864 | Tomb:2   | Reached skill level 1 in Hexes
 89864 | Tomb:2   | Noticed a royal mummy
 89864 | Tomb:2   | Noticed a royal mummy
 89868 | Tomb:2   | HP: 4/199 [royal mummy/divine providence (10)]
 89869 | Tomb:2   | Killed from afar by a royal mummy

Illustrated notes

Levels and vault maps discovered:
D:1:      wander_arrival_estate, layout_loops_ring,
          ebering_ecumenical_altar_box, serial_bayou_pond_c
D:2:      layout_loops_corners, chequers_arboretum, uniq_robin
D:3:      layout_rooms, st_stairs_10
D:4:      layout_loops_ring, minmay_misc_feat_tiny, minmay_misc_feat_tower,
          uniq_blork_the_orc
D:5:      layout_layer_cave, minmay_temple_entry_crystal_x, serial_shops,
          kennysheep_little_box, serial_undead, serial_undead_b,
          serial_undead_e, serial_undead_c, serial_undead_a,
          kennysheep_generic_room_16, uniq_menkaure
D:6:      layout_basic, serial_shops, kennysheep_mini_moat,
          minmay_misc_feat_alley, hangedman_abyss_or_decor_stagger
D:7:      layout_layer_cave, makhleb_blood_cavern_becter,
          mainiacjoe_overflow_chevrons
D:8:      layout_basic, uniq_pikel
D:9:      layout_loops_corners, tso_metal_star,
          hangedman_abyss_or_decor_lesser_grid
D:10:     layout_big_octagon, erik_lair_orcish_takeover
D:11:     layout_loops_ring
D:12:     layout_loops_ring, orc_0_dummy, kennysheep_minor_cross, pond
D:13:     layout_irregular_city, minmay_between
D:14:     layout_gridville, skrybe_vaults_entry_preservation,
          infiniplex_staircase_hallway_doors, uniq_louise, uniq_josephine,
          uniq_roxanne
D:15:     grunt_enter_depths_hoard, layout_loops_corners,
          dreamdust_princess_bridge, nicolae_trove_entry_columns,
          gauntlet_entry_generic
Temple:   hellmonk_temple_divided_pantheon
Lair:1:   layout_cellular_growth
Lair:2:   layout_cave_pods, minmay_shoals_entry_beasts,
          spider_nest_entry_funnel_web, portal_ice_cave_entry_pillars_2,
          serial_bayou_lagoon_a, disabler_island, lemuel_fruit_fields,
          infiniplex_staircase_pool_2
Lair:3:   layout_hall_layers
Lair:4:   layout_gridlike, slime_entry_1, serial_bayou_shore_a,
          lemuel_fruit_tree
Lair:5:   minmay_lair_end_frog_pond, layout_gridlike
Shoals:1: nicolae_shoals_island_circles, layout_shoals, uniq_donald
Shoals:2: layout_shoals
Shoals:3: layout_shoals, serial_shops, shop_statue, uniq_jorgrun
Shoals:4: shoals_end_hangedman, layout_shoals, ebering_ghost_reflecting_pool
Spider:1: gammafunk_boulding_lane, nicolae_spider_moth_buddies
Spider:2: layout_spider_delve
Spider:3: layout_spider_delve
Spider:4: grunt_spider_rune_island, uniq_bai_suzhen
Slime:1:  layout_caves
Slime:2:  layout_caves, basic_altar
Slime:3:  layout_caves
Slime:4:  layout_caves
Slime:5
Orc:1:    layout_caves, serial_shops, shop, nicolae_shop_waterfront, shop
Orc:2:    st_orc_pillars, layout_caves, nicolae_volcano_entry_batcave,
          nooodl_orcs_dogs
Elf:1:    layout_gridlike, minmay_elf_demonology, minmay_shop_star
Elf:2:    nicolae_elf_blades_splatter_lattice [nicolae_blade_entry_antechamber],
          layout_geoelf_grid, serial_shops, shop, nicolae_shop_advertising_works
          [nicolae_subvault_shop_adworks], minivault_23,
          nicolae_elevator_lobby_plus
Elf:3:    grunt_elf_hall_asides, layout_geoelf_grid, serial_shops,
          nicolae_square_shop
Vaults:1: v_misc_3, v_rooms_3, grunt_vaults_twisty, dpeg_vaults_waves,
          vaults_mumra_chevron_long, v_alt_pattern_5, hangedman_vaults_pinch,
          vaults_room_door_hall, nicolae_vaults_little_squares_3,
          hangedman_vaults_corner_blocks, vaults_dpeg_emergency_exit,
          layout_vaults_big_room
Vaults:2: infiniplex_enter_wizlab_spiral, nicolae_vaults_arrows, v_misc_1,
          vaults_dpeg_spiral, v_misc_29, nicolae_vaults_shelves_hall, v_misc_32,
          vaults_dpeg_encased_lava, layout_vaults_omnicross, uniq_xtahua,
          uniq_asterion
Vaults:3: grunt_vaults_swirl, st_cells, ontoclasm_vaults_chip,
          nicolae_vaults_twisting_passages, minmay_crypt_entry_simple_statues,
          vaults_mumra_hex, hangedman_vaults_trim, vaults_mumra_minichess,
          layout_vaults_omnigrid, serial_shops, nicolae_square_shop,
          uniq_frederick
Vaults:4: grunt_vaults_bifocal, vaults_room_ringed_pool,
          hangedman_vaults_river_flow, vaults_room_semicircle,
          hangedman_vaults_trim, st_octagons_2, hangedman_vaults_restitches,
          nicolae_vaults_big_angled_halls, dpeg_vaults_monster_row, v_misc_13,
          grunt_vaults_funnel, vaults_mumra_minichess_inversion,
          nicolae_vaults_diagonal_hallway_8, vaults_mumra_lcd,
          hangedman_vaults_stretched_pinwheel, layout_vaults_maze_bifur,
          serial_shops, uniq_sojobo, uniq_margery
Vaults:5
Crypt:1:  gammafunk_the_bubble [the_bubble_gammafunk_split],
          layout_misc_corridors, hangedman_weighted_door,
          grunt_crypt_arrival_split
Crypt:2:  layout_regular_city, serial_sigils_hangedman_snap, uniq_grunn,
          uniq_boris
Crypt:3:  david_glass_crypt, layout_misc_corridors,
          nicolae_tomb_entry_unfolded_pyramid_diagonal, gammafunk_ghost_arena,
          uniq_zenata
Tomb:1
Tomb:2
Depths:1: minmay_octagon_keep, layout_gridlike, zin_angel,
          pf_hell_entry_tar_spiral, hellmonk_scale_shop, uniq_enchantress
Depths:2: nicolae_whirlpool, layout_honeycomb, lemuel_statue_altar,
          serial_shops, nicolae_shop_waterfront, hell_entry,
          muffindrake_ghost_three_little_ghosts, grunt_pan_entry_sceptre,
          hangedman_cracks_in_the_wall, serial_bayou_shore_b
Depths:3: regret_index_uskayaw_diablada_macabre, layout_basic, enter_ziggurat_b,
          ebering_ghost_rock_garden, hell_entry, abyss_entry,
          nicolae_gozag_seed_capital, minmay_staircase_bubble
Depths:4: grunt_x_marks_the_spot, layout_cave_pools, moated_statue, hell_entry
Hell
Dis:1:    layout_overlapping_boxes
Dis:2:    layout_jigsaw
Dis:3:    layout_gridville
Dis:4:    layout_jigsaw
Dis:5:    layout_jigsaw, lemuel_dis_dragons
Dis:6:    layout_gridville
Dis:7:    dis_st
Geh:1:    layout_gehenna_pools_box
Geh:2:    layout_gehenna_lava_caves
Geh:3:    layout_gehenna_pools_basic
Geh:4:    layout_gehenna_pools_triple
Geh:6:    layout_gehenna_pools_box
Geh:7:    geh_old
Coc:1:    layout_ice_bergs
Coc:2:    layout_ice_bergs
Coc:3:    layout_cocytus_water_paths
Coc:4:    layout_cocytus_delve
Coc:5:    layout_cocytus_water_paths
Coc:6:    layout_cocytus_water_paths
Coc:7:    coc_grunt
Tar:1:    layout_cathedral_of_symmetry
Tar:2:    layout_grid_maze, nicolae_tar_cuneiform_oil
Tar:4:    layout_honeycomb, nicolae_hells_hurtin_island
Tar:5:    layout_grid_maze
Tar:6:    layout_catacombs, nicolae_tar_grid_combs
Tar:7:    tar_minmay_river
Zot:1:    layout_twisted_circle, st_small_dragon_hoard_2
Zot:2:    layout_cathedral_of_symmetry, bh_zot_lava_cross,
          hangedman_snake_sidewinding
Zot:3:    kennysheep_blocky_room, layout_onion_interference,
          ebering_ghost_rock_garden, st_small_dragon_hoard_1, grunt_ministairs_5
Zot:4:    layout_onion_interference, grunt_ministairs_6

Skill      XL: |  1  2  3  4  5  6  7  8  9 10 11 12 13 14 15 16 17 18 19 20 21 22 23 24 25 26 27 |
---------------+----------------------------------------------------------------------------------+-----
Long Blades    | 4 5 6 8 10 11 13 14 16 | 16.0
Armour         | 1 2 3 5 6 7 8 9 11 12 13 14 15 16 18 19 27 | 27.0
Shields        | 1 2 3 7 10 13 14 15 25 | 25.1
Fighting       | 4 5 6 8 9 10 11 12 14 15 16 17 19 21 23 24 26 27 | 27.0
Dodging        | 4 5 6 8 9 10 11 13 14 15 17 18 21 27 | 27.0
Invocations    | 1 3 5 6 8 9 20 | 20.0
Evocations     | 2 6 7 8 10 11 13 14 15 | 15.4
Throwing       | 3 5 12 | 12.0
Transmutations | 4 5 7 9 |  9.0
Spellcasting   | 4 9 |  9.0
Translocations | 17 | 17.0
Air Magic      | 9 |  9.3
Conjurations   | 9 |  9.0
Hexes          | 1 |  1.3
Stealth        | |  2.0

Action                   |  1- 3 |  4- 6 |  7- 9 | 10-12 | 13-15 | 16-18 | 19-21 | 22-24 | 25-27 || total
-------------------------+-------+-------+-------+-------+-------+-------+-------+-------+-------++-------
Melee: Falchion          |    65 |    78 |    84 |       |       |       |       |       |       ||   227
       Kick              |    12 |    23 |    60 |   129 |   321 |   371 |   510 |   736 |  4635 ||  6797
       Peck              |    10 |    15 |    37 |    69 |   202 |   213 |   335 |   476 |  2990 ||  4347
       Double sword      |       |       |   117 |   308 |   910 |   875 |   958 |  1495 |  2943 ||  7606
       Long sword        |       |       |    21 |       |       |       |       |       |       ||    21
       Flail             |       |       |       |    12 |       |       |       |       |       ||    12
       Eudemon blade     |       |       |       |       |       |       |       |       |  4181 ||  4181
       Headbutt          |       |       |       |       |       |       |       |       |   124 ||   124
       Demon blade       |       |       |       |       |       |       |       |       |    81 ||    81
Throw: Boomerang         |     6 |    14 |    34 |    48 |    46 |    57 |    17 |       |       ||   222
       Javelin           |       |       |       |       |       |       |    10 |    16 |    67 ||    93
 Cast: Wereblood         |       |       |       |       |       |       |       |     1 |    17 ||    18
       Manifold Assault  |       |       |       |       |       |       |       |       |    38 ||    38
       Passage of Golubr |       |       |       |       |       |       |       |       |     5 ||     5
       Blink             |       |       |       |       |       |       |       |       |     1 ||     1
Invok: Heroism           |       |       |     2 |     6 |    13 |     7 |    10 |    11 |    20 ||    69
       Finesse           |       |       |       |     1 |     3 |     2 |     5 |     4 |    12 ||    27
       Cleansing Flame   |       |       |       |       |       |       |       |       |   249 ||   249
       Divine Shield     |       |       |       |       |       |       |       |       |    59 ||    59
       Summon Divine War |       |       |       |       |       |       |       |       |    44 ||    44
       Brand Weapon With |       |       |       |       |       |       |       |       |     1 ||     1
 Abil: Evoke Blink       |       |       |       |       |       |       |       |       |     1 ||     1
Evoke: Wand              |       |     2 |       |    12 |       |     9 |       |       |     1 ||    24
       Piece from Xom's  |       |       |       |       |       |       |     2 |       |       ||     2
       Lightning rod     |       |       |       |       |       |       |       |       |     8 ||     8
       Box of beasts     |       |       |       |       |       |       |       |       |     3 ||     3
       Phantom mirror    |       |       |       |       |       |       |       |       |     3 ||     3
       Phial of floods   |       |       |       |       |       |       |       |       |     1 ||     1
  Use: Scroll            |       |     4 |    13 |    13 |     6 |    23 |     2 |     5 |    57 ||   123
       Potion            |       |       |       |       |       |     3 |     1 |       |    38 ||    42
 Stab: Sleeping          |     5 |       |       |       |     1 |       |       |     2 |       ||     8
       Invisible         |       |       |     5 |    19 |    25 |    36 |    20 |    29 |    30 ||   164
       Distracted        |       |       |       |       |     1 |       |       |       |       ||     1
Armor: Robe              |     8 |       |       |       |       |       |       |       |       ||     8
       Ring mail         |     9 |    12 |     9 |     2 |       |       |       |       |       ||    32
       Scale mail        |       |    18 |    39 |    17 |    57 |       |       |    33 |       ||   164
       Leather armour    |       |       |       |    20 |    32 |       |       |       |       ||    52
       Troll leather arm |       |       |       |       |     4 |       |       |       |       ||     4
       Fire dragon scale |       |       |       |       |       |   222 |   133 |    38 |       ||   393
       Chain mail        |       |       |       |       |       |       |       |    33 |   480 ||   513
       Shadow dragon sca |       |       |       |       |       |       |       |       |   347 ||   347
Dodge: Dodged            |    31 |    54 |   142 |   254 |   545 |   674 |   605 |   756 |  3822 ||  6883
Block: Buckler           |       |    15 |    93 |   218 |   559 |       |       |       |       ||   885
       Reflection        |       |       |     4 |     9 |    49 |    55 |    56 |   133 |   280 ||   586
       Kite shield       |       |       |       |       |    56 |  1170 |  1135 |  1537 |  1665 ||  5563
       Tower shield      |       |       |       |       |       |       |       |       |  8134 ||  8134
